 Dungeon Crawl Stone Soup version 0.30.1-4-g462c640d31 (webtiles) character file.

Game seed: 17626361520261591417

2311111 Oddbjorg the Shatterer (level 27, 233/233 HPs)
             Began as an Octopode Chaos Knight on Aug 15, 2023.
             Was a Favourite Plaything of Xom.
             Escaped with the Orb
             ... and 4 runes on Aug 16, 2023!
             The game lasted 06:54:51 (70418 turns).

Oddbjorg the Shatterer (Octopode Chaos Knight)     Turns: 70418, Time: 06:54:51

Health: 233/233    AC: 12    Str: 34    XL:     27
Magic:  36/36      EV: 20    Int: 38    God:    Xom [....*.]
Gold:   4773       SH: 30    Dex: 20    Spells: 20/44 levels left

rFire   + + +        b - +9 demon whip (vamp)
rCold   + + +        e - +5 tower shield
rNeg    + . .        h - +2 hat of the End {Int+7 Stlth-}
rPois   +            u - amulet of Fiwkuqa {rC+ Regen+ Str+3 Int+4}
rElec   +            J - ring of protection from fire
rCorr   +            y - ring of Ymmimuw {Contam rElec rF+ rN+ Str+2 Dex+3}
SInv    +            n - ring of Tulips {rPois Str+2 Int+6 Dex-2 Slay+3}
Will    +++++        I - ring of Xitustre {rF- Will+ AC+4 Str+4 Dex+5}
Stlth   ++           L - ring of resist corrosion
HPRegen 1.38/turn    g - ring "Rad Fics" {+Blink rElec Str+6 Int-4 SInv}
MPRegen 0.25/turn    X - ring "Biucaoll" {+Blink rC+ Dex+3}
                     Y - ring of protection from fire

%: clarity
@: studying Earth Magic
A: almost no armour, amphibious, 8 rings, camouflage 1, gelatinous body 1,
(nimble swimmer 1), tentacles, antennae 1, tentacle spike 1, iridescent scales
1, see invisible, clarity, clever 1, fire resistance 1, strong-willed 2,
mutation resistance 1, passive freeze, sense surroundings 1, robust 1, screaming
1, shaggy fur 3, wild magic 2, noise suppression
0: Orb of Zot
}: 4/15 runes: barnacled, slimy, abyssal, gossamer
a: Renounce Religion, Evoke Blink


You escaped.
You worshipped Xom.
You were a beloved toy of Xom.
You visited 11 branches of the dungeon, and saw 54 of its levels.
You visited the Abyss 1 time.
You also visited: Trove and Ice Cave.

You collected 10999 gold pieces.
You spent 6226 gold pieces at shops.

Inventory:

Hand Weapons
 a - a +9 eveningstar of protection
 b - a +9 vampiric demon whip (weapon)
Missiles
 r - 28 curare-tipped darts
 z - 67 poisoned darts (quivered)
 K - 11 throwing nets
Armour
 e - a +5 tower shield (worn)
 h - the +2 hat of the End (worn) {Int+7 Stlth-}
   (You acquired it on level 2 of the Elven Halls)

   Int:       It affects your intelligence (+7).
   Stlth:     It makes you less stealthy.
Jewellery
 g - the ring "Rad Fics" (on tentacle) {+Blink rElec Str+6 Int-4 SInv}
   (You bought it in a shop on level 11 of the Dungeon)

   [ring of strength]

   Str:       It affects your strength (+6).
   Int:       It affects your intelligence (-4).
   rElec:     It insulates you from electricity.
   SInv:      It lets you see invisible.
   +Blink:    It lets you blink.
 n - the ring of Tulips (on tentacle) {rPois Str+2 Int+6 Dex-2 Slay+3}
   (You found it in a treasure trove)

   [ring of poison resistance]

   Str:       It affects your strength (+2).
   Int:       It affects your intelligence (+6).
   Dex:       It affects your dexterity (-2).
   Slay:      It affects your accuracy & damage with ranged weapons and melee
   (+3).
   rPois:     It protects you from poison.
 u - the amulet of Fiwkuqa (around mantle) {rC+ Regen+ Str+3 Int+4}
   (You took it off a deep elf annihilator on level 3 of the Elven Halls)

   [amulet of regeneration]

   Str:       It affects your strength (+3).
   Int:       It affects your intelligence (+4).
   rC:        It protects you from cold.
   Regen:     It increases your rate of health regeneration.
 y - the ring of Ymmimuw (right tentacle) {Contam rElec rF+ rN+ Str+2 Dex+3}
   (You bought it in a shop on level 11 of the Dungeon)

   [ring of positive energy]

   Str:       It affects your strength (+2).
   Dex:       It affects your dexterity (+3).
   rF:        It protects you from fire.
   rElec:     It insulates you from electricity.
   rN:        It protects you from negative energy.
   Contam:    It causes magical contamination when unequipped.
 D - an amulet of magic regeneration
 F - an amulet of reflection
 I - the ring of Xitustre (on tentacle) {rF- Will+ AC+4 Str+4 Dex+5}
   (You found it in a treasure trove)

   [ring of protection]

   AC:        It affects your AC (+4).
   Str:       It affects your strength (+4).
   Dex:       It affects your dexterity (+5).
   rF:        It makes you vulnerable to fire.
   Will:      It increases your willpower.
 J - a ring of protection from fire (left tentacle)
 L - a ring of resist corrosion (on tentacle)
 O - a ring of magical power
 X - the ring "Biucaoll" (on tentacle) {+Blink rC+ Dex+3}
   (You took it off a frost giant in an ice cave)

   [ring of protection from cold]

   Dex:       It affects your dexterity (+3).
   rC:        It protects you from cold.
   +Blink:    It lets you blink.
 Y - a ring of protection from fire (on tentacle)
Wands
 l - a wand of acid (29)
 o - a wand of flame (126)
 N - a wand of digging (5)
 Q - a wand of roots (51)
Scrolls
 i - 4 scrolls of magic mapping
 j - 10 scrolls of poison
 s - 3 scrolls of fog
 v - 2 scrolls of silence
 B - 3 scrolls of brand weapon
 G - 3 scrolls of blinking
 S - 4 scrolls of torment
 U - 18 scrolls of teleportation
 Z - 13 scrolls of fear
Potions
 f - 21 potions of curing
 m - 10 potions of brilliance
 q - 4 potions of invisibility
 w - 5 potions of berserk rage
 x - 6 potions of heal wounds
 A - 4 potions of ambrosia
 C - 4 potions of attraction
 M - a potion of flight
 P - 4 potions of resistance
 R - 7 potions of mutation
 T - 2 potions of might
 V - 4 potions of magic
 W - 2 potions of cancellation
Miscellaneous
 d - a phantom mirror (inert)
 k - a lightning rod (4/4)
 t - a piece from Xom's chessboard (15/15)
 E - a phial of floods
 H - a box of beasts


   Skills:
 + Level 23.6 Fighting
 + Level 24.4 Maces & Flails
 - Level 11.0 Dodging
 - Level 8.0 Stealth
 + Level 24.1 Shields
 - Level 9.0 Spellcasting
 - Level 8.0 Hexes
 - Level 7.0 Necromancy
 - Level 8.0 Transmutations
 - Level 16.0 Ice Magic
 - Level 7.0 Air Magic
 - Level 12.0 Earth Magic
 - Level 6.0 Evocations


You had 20 spell levels left.
You knew the following spells:

 Your Spells              Type           Power      Damage    Failure   Level
f - Swiftness             Air            85%        N/A       2%          3
h - Borgnjor's Vile Clut  Necr/Erth      48%        N/A       4%          5
n - Apportation           Tloc           54%        N/A       8%          1
s - Ensorcelled Hibernat  Hex/Ice        100%       N/A       1%          2
A - Ozocubu's Armour      Ice            100%       N/A       1%          3
C - Frozen Ramparts       Ice            100%       1d16      1%          3
N - Passwall              Tmut/Erth      82%        N/A       1%          2
Q - Silence               Hex/Air        43%        N/A       9%          5

Your spell library contained the following spells:

 Spells                   Type           Power      Damage    Failure   Level
 Beastly Appendage        Tmut           100%       N/A       1%          1
 Necrotise                Necr           100%       1d9       1%          1
 Wereblood                Tmut           90%        N/A       1%          2
 Hailstorm                Conj/Ice       90%        3d18      1%          3
 Ice Form                 Ice/Tmut       100%       N/A       1%          4
 Cigotuvi's Dreadful Rot  Necr/Pois/Air  100%       N/A       2%          2
 Vampiric Draining        Necr           85%        2d12      2%          3
 Metabolic Englaciation   Hex/Ice        53%        N/A       2%          5
 Poisonous Vapours        Pois/Air       100%       N/A       3%          2
 Summon Ice Beast         Ice/Summ       90%        N/A       3%          4
 Anguish                  Hex/Necr       43%        N/A       4%          4
 Animate Dead             Necr           85%        N/A       4%          4
 Dazzling Flash           Conj/Hex       100%       N/A       5%          3
 Spider Form              Tmut/Pois      66%        N/A       5%          3
 Summon Guardian Golem    Hex/Summ       66%        N/A       5%          3
 Vhi's Electric Charge    Tloc/Air       100%       N/A       6%          3
 Magic Dart               Conj           100%       1d8       8%          1
 Summon Small Mammal      Summ           100%       N/A       8%          1
 Blade Hands              Tmut           45%        N/A       8%          5
 Mephitic Cloud           Conj/Pois/Air  53%        N/A       9%          3
 Freezing Cloud           Conj/Ice/Air   44%        6-21      9%          5
 Ozocubu's Refrigeration  Ice            61%        4d21      9%          7
 Call Imp                 Summ           54%        N/A       10%         2
 Lesser Beckoning         Tloc           54%        N/A       10%         2
 Momentum Strike          Conj/Tloc      54%        3d9       10%         2
 Scorch                   Fire           54%        2d7       10%         2
 Simulacrum               Ice/Necr       52%        N/A       10%         6
 Agony                    Necr           85%        N/A       11%         5
 Call Canine Familiar     Summ           27%        N/A       17%         3
 Gell's Gravitas          Tloc           27%        N/A       17%         3
 Teleport Other           Tloc           27%        N/A       17%         3
 Volatile Blastmotes      Fire/Tloc      54%        2d14      17%         3
 Alistair's Intoxication  Tmut/Pois      44%        N/A       28%         5
 Irradiate                Conj/Tmut      33%        3d22      28%         5
 Flame Wave               Conj/Fire      27%        2d9       43%         4
 Iskenderun's Mystic Bla  Conj/Tloc      27%        2d7       43%         4
 Manifold Assault         Tloc           27%        N/A       43%         4
 Iron Shot                Conj/Erth      39%        9d8       50%         6
 Iskenderun's Battlesphe  Conj           27%        2d8       73%         5
 Eringya's Noxious Bog    Tmut/Pois      33%        N/A       75%         6
 Dragon Form              Tmut           45%        N/A       78%         7
 Conjure Ball Lightning   Conj/Air       31%        3x3d10    82%         6
 Dispersal                Tloc           13%        N/A       99%         6
 Summon Cactus Giant      Summ           13%        N/A       99%         6
 Haunt                    Necr/Summ      31%        N/A       100%        7
 Spellforged Servitor     Conj/Summ      13%        N/A       100%        7
 Discord                  Hex            45%        N/A       100%        8
 Disjunction              Tloc           13%        N/A       100%        8
 Infestation              Necr           42%        N/A       100%        8
 Necromutation            Tmut/Necr      43%        N/A       100%        8
 Chain Lightning          Conj/Air       31%        3d42      100%        9
 Fire Storm               Conj/Fire      13%        8d4       100%        9
 Shatter                  Erth           54%        3d41*     100%        9


Dungeon Overview and Level Annotations

Branches:
Dungeon (15/15)            Temple (0/1) D:6            Lair (5/5) D:9
 Shoals (4/4) Lair:2       Spider (4/4) Lair:2        Slime (5/5) Lair:4
    Orc (2/2) D:12            Elf (3/3) Orc:2        Vaults (4/5) D:13
  Crypt (3/3) Vaults:2       Tomb (0/3) Crypt:3      Depths (4/4) D:15
    Zot (5/5) Depths:4      IceCv (visited)

Altars:
Cheibriados
Dithmenos
Elyvilon
Fedhas
Gozag
Nemelex Xobeh
Okawaru
Sif Muna
Xom
Yredelemnul
Zin
Jiyva

Shops:
D:8 [   D:11 *=(   Orc:1 :   Orc:2 ?[!?(*!   Elf:2 =::**?   Vaults:1 ?
Depths:1 :   Depths:2 (   Depths:3 (

Portals:
Hell: Depths:1 Depths:2 Depths:3 Depths:4
Abyss: Depths:3
Pandemonium: Depths:1 Depths:2
Ziggurat: Depths:3

Annotations:
Shoals:1 1 runed translucent door
Elf:1 6 transporters
Vaults:1 3 runed translucent doors, croobank's ghost, adept GnMo
Depths:4 3 runed translucent doors


Innate Abilities, Weirdness & Mutations

You cannot wear most types of armour.
You are amphibious.
You can wear up to eight rings at the same time.
Your skin changes colour to match your surroundings (Stealth+).
Your rubbery body absorbs attacks. (AC +1, EV +1)
((You are camouflaged when in or above water. (Stealth+)))
You have tentacles for arms and can constrict up to eight enemies at once.
You have a pair of small antennae on your head.
One of your tentacles bears a spike.
You are partially covered in iridescent scales. (AC +2)
You have supernaturally acute eyesight. (SInv)
You possess an exceptional clarity of mind.
Your mind is acute. (Int +4, Str/Dex -1)
Your flesh is heat resistant. (rF+)
You are highly strong-willed. (Will++)
You are somewhat resistant to further mutation.
A frigid envelope surrounds you and freezes all who hurt you.
You passively map a small area around you.
You are robust. (+10% HP)
You occasionally shout uncontrollably at your foes.
Your thick and shaggy fur keeps you warm. (AC +3, rC+)
Your spells are harder to cast, but more powerful.
You passively dampen the noise of your surroundings.


Message History

You feel a sense of dread.
b - a +9 vampiric demon whip (weapon)
You thrash the orc!!
You feel better.
You kill the orc!
(D) Dungeon (T) Temple (L) Lair (A) Shoals (N) Spider Nest (M) Slime Pits (O) Orcish Mines (E) Elven Halls (V) Vaults (C) Crypt (W) Tomb (U) Depths (H) Hell (Z) Zot
Where to? (Enter - D:1 @ (x,y), ? - help)
Things that are here:
a +2 heavy falchion; an orc corpse You see here a +0 dagger.
You see here a +0 flail.
Things that are here:
a +0 leather armour; a +0 club
There is a stone staircase leading up here.
You climb upwards.
There is a stone staircase leading down here.
There is a stone staircase leading up here.
You climb upwards.
There is a stone staircase leading down here.
There is a stone staircase leading up here.
You climb upwards.
There is a stone staircase leading down here.
A glowing orange brain comes into view.
You yell at the glowing orange brain!
You whack the glowing orange brain!
You feel better.
You grab the glowing orange brain.
You pierce the glowing orange brain.
You squeeze the glowing orange brain!!
The glowing orange brain is heavily wounded.
You constrict the glowing orange brain. You thrash the glowing orange brain!!
You kill the glowing orange brain!
(D) Dungeon (T) Temple (L) Lair (A) Shoals (N) Spider Nest (M) Slime Pits (O) Orcish Mines (E) Elven Halls (V) Vaults (C) Crypt (W) Tomb (U) Depths (H) Hell (Z) Zot
Where to? (Enter - D:1 @ (x,y), ? - help)
There is a staircase leading out of the dungeon here.
You have escaped!

###..###.........###..###.#.#
###...## ##.......## ##.# #.#.#
##.....# #.......# #.###.#.#
##....#.## ##.......## ##..#....#
#.#.#....###.........###.....#..#
......................).........#
#.#.#............................
##...#.....................###..#
#...###.........@..........# #..#
#...###....................# #..#
#...#.....................## #..#
##..#.#...................# #..#
#.......###.........###..####..#
#.####.## ##.......## ##.......#
#.# #.# #.......# #......## #.#
#.## ##.......## ##.####### #.#
#..###.........###..# ###


There were no monsters in sight!

Vanquished Creatures
  the Royal Jelly (Slime:5)
  4 dread liches
  Tiamat (Zot:2)
  3 orbs of fire
  Josephina (Crypt:1)
  A pandemonium lord (Zot:3)
  11 Killer Klowns
  Margery (Depths:3)
  5 caustic shrikes (Depths:4)
  A curse toe (Zot:1)
  4 golden dragons
  Nikola (Shoals:1)
  6 bone dragons
  4 electric golems (Zot:5)
  3 doom hounds (Zot:4)
  2 Brimstone Fiends
  10 tentacled monstrosities
  A Hell Sentinel (D:6)
  6 liches
  An Ice Fiend (D:6)
  24 Orb Guardians
  Grunn (Zot:4)
  7 quicksilver dragons
  2 krakens
  2 deep elf master archers (Elf:3)
  3 deep elf blademasters
  7 ancient champions
  6 death cobs
  12 acid blobs
  Polyphemus (Shoals:3)
  Frances (Spider:2)
  A sphinx (Depths:2)
  7 tentacled starspawn
  11 storm dragons
  4 shadow dragons
  6 draconian monks
  3 revenants (Crypt:1)
  3 draconian knights
  Donald (Crypt:1)
  11 azure jellies
  6 rockslimes
  9 ghost moths
  2 caustic shrike zombies (Crypt:2)
  3 draconian scorchers
  5 frost giants
  Louise (D:15)
  4 deep elf sorcerers (Elf:3)
  5 fire giants
  10 vault wardens
  An iron dragon (Depths:4)
  3 draconian annihilators
  A balrug (Abyss:3)
  10 quicksilver oozes
  Aizul (Spider:4)
  3 curse skulls
  4 angels (Zot:2)
  11 ironbound preservers
  2 deep elf elementalists (Elf:3)
  3 orc warlords
  2 ghouls
  The ghost of Cumomo the Carver, an adept SpEn of Kikubaaqudgha (Spider:4)
  A juggernaut zombie (Crypt:1)
  8 draconian shifters
  3 draconian stormcallers
  24 very ugly things
  11 stone giants
  A rockslime zombie (Crypt:1)
  7 vampire knights
  6 broodmothers
  11 ironbound thunderhulks
  2 spriggan defenders (Depths:4)
  9 green draconians
  5 deep elf demonologists
  A lorocyproca (Depths:1)
  12 black draconians
  10 white draconians
  9 deep elf annihilators
  3 dire elephants (Vaults:2)
  11 purple draconians
  12 red draconians
  16 spark wasps
  15 deep elf death magi
  13 yellow draconians
  6 eidola
  A green death (Depths:2)
  4 ettins
  A deep elf high priest (Elf:3)
  7 merfolk impalers
  4 entropy weavers
  16 yaktaur captains
  5 great orbs of eyes
  9 jiangshi
  3 merfolk javelineers (Shoals:4)
  13 fire dragons
  5 vault guards
  3 rakshasas
  8 ice dragons
  2 entropy weavers (shapeshifter) (D:13)
  15 ironbound frosthearts
  7 boulder beetles
  5 hydras
  6 catoblepae
  3 jorogumos
  10 merfolk aquamancers
  3 radroaches
  4 spriggan air magi
  An alligator snapping turtle (Vaults:1)
  11 centaur warriors
  A two-headed ogre (D:11)
  19 dancing weapons
  A fenstrider witch skeleton (Crypt:3)
  5 spriggan skeletons (Crypt:3)
  2 satyrs
  3 vampire magi
  4 deep troll shamans
  2 death scarabs (Spider:4)
  4 death knights
  6 tengu warriors
  8 death yaks
  3 deep troll earth magi
  6 orc high priests
  A hell hog (Depths:2)
  5 hell knights
  5 spriggan berserkers
  A sun demon (Depths:2)
  5 thrashing horrors (Abyss:3)
  15 deep elf knights
  4 wretched stars (Abyss:3)
  2 shadow wraiths
  50 skeletal warriors
  3 soul eaters
  A fire crab (D:14)
  14 pharaoh ants
  2 storm dragon skeletons
  5 skysharks
  3 iron trolls
  A salamander mystic (Depths:2)
  A goliath frog (Slime:5)
  A bunyip zombie (Crypt:2)
  A goliath frog (shapeshifter) (Elf:3)
  7 sea snakes
  4 glowing orange brains
  A ghost moth zombie (Crypt:1)
  6 wizards
  A bog body (Crypt:1)
  A cherub (Spider:4)
  4 flayed ghosts
  14 orb spiders
  2 orange crystal statues
  7 phantasmal warriors
  13 deep elf archers
  11 large abominations
  A tengu zombie (Vaults:2)
  10 harpies
  7 steelbarb worms
  23 deep trolls
  3 bunyip skeletons (Crypt:3)
  A lindwurm (shapeshifter) (Abyss:1)
  5 necromancers
  16 ironbound convokers
  5 lindwurms
  A mana viper (shapeshifter) (Zot:2)
  An anaconda skeleton (Crypt:3)
  30 deep elf zephyrmancers
  21 wolf spiders
  10 orc knights
  A mana viper (D:13)
  6 orc sorcerers
  5 oklob plants
  40 ugly things
  3 salamanders (Depths:2)
  2 shadow dragon skeletons
  25 deep elf pyromancers
  19 manticores
  11 elephants
  2 worldbinders
  14 fauns
  10 cyclopes
  2 shining eyes
  An eleionoma zombie (Crypt:3)
  An iron dragon skeleton (Crypt:1)
  5 merfolk sirens
  28 moths of wrath
  A guardian serpent (Abyss:2)
  A rust devil (Zot:3)
  2 naga zombies (Crypt:2)
  3 eyes of devastation
  9 black mambas
  Joseph (D:9)
  4 smoke demons
  An elf skeleton (Vaults:2)
  A cane toad (shapeshifter) (Elf:3)
  13 vault sentinels
  7 demonic crawlers
  6 water nymphs
  2 stone giant skeletons (Crypt:3)
  5 torpor snails
  18 cane toads
  5 orange demons
  A naga skeleton (Crypt:3)
  19 rime drakes
  3 gargoyles
  A yaktaur zombie (Vaults:2)
  3 dire elephant skeletons
  A black draconian zombie (Crypt:1)
  An unseen horror (D:12)
  An efreet (D:15)
  8 komodo dragons
  A kobold demonologist (D:14)
  A death yak zombie (Crypt:3)
  A pale draconian zombie (Crypt:1)
  A bunyip simulacrum (Crypt:2)
  30 yaktaurs
  A tormentor (Depths:4)
  8 ancient zymes
  9 freezing wraiths
  A minotaur skeleton (Crypt:3)
  4 tengu conjurers
  A harpy zombie (Crypt:2)
  39 merfolk
  A red devil (Depths:1)
  5 trolls
  A hellwing (Abyss:2)
  2 meliai (D:15)
  2 alligator snapping turtle skeletons
  7 wind drakes
  19 polar bears
  A moth of wrath zombie (Crypt:3)
  A queen bee (Spider:2)
  A polar bear (shapeshifter) (D:13)
  6 hornets
  2 hydra skeletons (Crypt:3)
  3 wolf spider simulacra
  21 tarantellas
  Prince Ribbit (D:5)
  9 dream sheep
  A raiju (Abyss:2)
  An iron dragon simulacrum (Crypt:1)
  5 harpy skeletons
  9 blink frogs
  6 snapping turtles
  4 centaur simulacra
  21 jumping spiders
  Sigmund (D:3)
  75 slime creatures
  14 flying skulls
  An ice dragon skeleton (Crypt:2)
  A slime creature (shapeshifter) (Shoals:1)
  2 ettin skeletons
  3 air elementals (Elf:3)
  2 black mamba zombies (Crypt:2)
  2 vampires
  21 culicivoras
  5 spriggans
  A wyvern (D:10)
  53 yaks
  A yak (shapeshifter) (Depths:4)
  A fire elemental (Elf:1)
  17 water elementals
  4 ynoxinuls
  3 basilisks
  9 wraiths
  13 vampire mosquitoes
  14 golden eyes
  2 chaos spawn
  Eustachio (D:4)
  A redback (shapeshifter) (Spider:1)
  49 redbacks
  Menkaure (D:5)
  A catoblepas simulacrum (Crypt:2)
  10 wargs
  2 neqoxecs
  A demonspawn zombie (Crypt:2)
  A harpy simulacrum (Crypt:2)
  2 acid dragons
  17 water moccasins
  A swamp drake (Elf:2)
  A glowing shapeshifter skeleton (Vaults:2)
  A water nymph skeleton (Crypt:1)
  4 black bears
  28 orc warriors
  A sky beast (D:7)
  4 ice beasts
  8 ogres
  12 wolves
  4 boggarts (Lair:5)
  12 centaurs
  A kobold brigand (D:9)
  A phantom (D:6)
  A fire crab zombie (Crypt:3)
  A gnoll sergeant (D:12)
  A vine stalker zombie (Crypt:3)
  12 bullfrogs
  2 necrophages (Crypt:1)
  An earth elemental (Abyss:2)
  5 scorpions
  4 small abominations
  3 wights (D:10)
  3 killer bees (D:10)
  7 howler monkeys
  2 electric eels
  A wolf skeleton (Crypt:3)
  A quasit (Abyss:3)
  3 centaur skeletons (Crypt:3)
  3 hounds
  2 gnoll boudas
  A jelly (D:5)
  Crazy Yiuf (D:2)
  15 orc priests
  16 starcursed masses
  4 iguanas
  2 sleepcaps
  11 hell rats
  15 orc wizards
  An ogre zombie (Crypt:1)
  A mummy (D:7)
  Robin (D:3)
  15 gnolls
  A swamp drake zombie (Crypt:2)
  5 adders
  A swamp drake skeleton (Crypt:2)
  6 white imps
  3 ufetubi
  2 worms
  2 dart slugs
  64 orcs
  A bat skeleton (Crypt:1)
  6 endoplasms
  4 giant cockroaches
  24 goblins
  11 hobgoblins
  4 jackals
  3 quokkas
  12 ball pythons
  8 bats
  4 frilled lizards
  A frilled lizard zombie (Crypt:3)
  20 kobolds
  A kobold skeleton (Crypt:3)
  3 rats
  A rat zombie (Crypt:2)
  4 starspawn tentacles
  7 tentacles
2258 creatures vanquished.

Vanquished Creatures (collateral kills)
  An orb of fire (Zot:5)
  A Killer Klown (Zot:2)
  4 Orb Guardians (Zot:5)
  A quicksilver dragon (Zot:5)
  A quicksilver ooze (Slime:5)
  A juggernaut skeleton (Crypt:2)
  A deep elf annihilator (Elf:3)
  An ironbound frostheart (IceCv)
  A fenstrider witch simulacrum (Crypt:2)
  A deep elf archer (Elf:1)
  An ironbound convoker (Vaults:3)
  A deep elf zephyrmancer (Elf:1)
  An orc knight (Orc:2)
  A deep elf pyromancer (Elf:1)
  An orc sorcerer (Orc:2)
  3 elephants
  A kobold demonologist (D:14)
  A yaktaur (Vaults:4)
  A polar bear (IceCv)
  A snapping turtle (Shoals:1)
  A harpy skeleton (Crypt:2)
  A wraith (Crypt:2)
  An acid dragon (D:14)
  2 orc warriors (Orc:2)
  3 centaurs (D:14)
  A kobold brigand (D:9)
  A bullfrog (Lair:3)
  A kobold (D:14)
36 creatures vanquished.

Vanquished Creatures (others)
  A very ugly thing (Depths:4)
  An ettin (Depths:2)
  3 dancing weapons
  A death scarab (Spider:4)
  A glowing orange brain (D:15)
  3 deep elf zephyrmancers
  A harpy (Lair:2)
  2 deep elf pyromancers
  A slime creature (D:14)
  2 flying skulls (Crypt:1)
  An air elemental (Elf:3)
  A culicivora (Spider:1)
  A basilisk (shapeshifter) (Elf:3)
  2 harpy simulacra (Crypt:1)
  An ice beast (D:15)
  A small abomination (Abyss:1)
  2 killer bees (D:10)
  An orc wizard (D:8)
  An endoplasm (D:4)
  17 starspawn tentacles
  82 tentacles
126 creatures vanquished.

Grand Total: 2420 creatures vanquished

Notes
Turn   | Place    | Note
-------+----------+-------------------------------------------
     0 | D:1      | Oddbjorg the Octopode Chaos Knight began the quest for the
                  | Orb.
     0 | D:1      | Reached XP level 1. HP: 16/16 MP: 1/1
    84 | D:1      | Reached XP level 2. HP: 21/21 MP: 2/2
   572 | D:1      | XOM: cloud trail
   729 | D:2      | Reached XP level 3. HP: 26/26 MP: 3/3
   829 | D:2      | XOM: god gift: glowing silver amulet {god gift}
   957 | D:2      | Found a runed translucent door.
   958 | D:2      | Noticed Crazy Yiuf
  1157 | D:2      | XOM: noise
  1175 | D:2      | XOM: 3-stop teleportation journey
  1183 | D:2      | XOM: divination: detect items
  1462 | D:3      | XOM: noise
  1470 | D:3      | Reached XP level 4. HP: 31/31 MP: 5/5
  1508 | D:3      | XOM: stat loss: -1 Dex (10/11)
  1534 | D:3      | Noticed Robin
  1542 | D:3      | Reached skill level 1 in Spellcasting
  1629 | D:3      | XOM: give mutation
  1629 | D:3      | Gained mutation: You possess an exceptional clarity of
                  | mind. [Xom's mischief]
  1710 | D:3      | Identified the +5 ring mail "Beiqail" {Harm rF+ Str+3
                  | Dex-5}
  1711 | D:3      | XOM: 4-stop teleportation journey
  1788 | D:3      | Noticed Sigmund
  1793 | D:3      | XOM: confuse monster(s)
  1851 | D:3      | XOM: fog
  1862 | D:3      | XOM: cloud trail
  1872 | D:3      | Killed Robin
  2044 | D:3      | XOM: noise
  2147 | D:3      | XOM: noise
  2150 | D:3      | Reached XP level 5. HP: 37/37 MP: 5/7
  2381 | D:2      | Killed Crazy Yiuf
  2943 | D:3      | Killed Sigmund
  2944 | D:3      | Reached XP level 6. HP: 36/43 MP: 6/9
  2980 | D:4      | Found an iron altar of Okawaru.
  3183 | D:4      | XOM: destruction
  3264 | D:4      | Noticed Eustachio
  3272 | D:4      | Killed Eustachio
  3273 | D:4      | Reached skill level 1 in Shields
  3273 | D:4      | Reached XP level 7. HP: 47/48 MP: 9/11
  3512 | D:4      | Reached skill level 5 in Maces & Flails
  3541 | D:4      | Found a blossoming altar of Fedhas.
  3583 | D:4      | XOM is BORED!
  3583 | D:4      | XOM: give mutations
  3583 | D:4      | Gained mutation: Your flesh is cold resistant. (rC+) [Xom's
                  | mischief]
  3583 | D:4      | Gained mutation: You have hidden genetic potential. [Xom's
                  | mischief]
  3583 | D:4      | Gained mutation: You expend magic power (3 MP) to
                  | strengthen your wands. [Xom's mischief]
  3606 | D:5      | Entered Level 5 of the Dungeon
  3693 | D:5      | Reached XP level 8. HP: 38/54 MP: 9/13
  3897 | D:5      | Learned a level 2 spell: Ensorcelled Hibernation
  3900 | D:5      | Learned a level 2 spell: Passwall
  3904 | D:5      | Learned a level 3 spell: Swiftness
  3944 | D:5      | Noticed Menkaure
  4020 | D:5      | Noticed Prince Ribbit
  4106 | D:5      | Found a shimmering blue altar of Sif Muna.
  4202 | D:5      | Gained mutation: You are partially covered in iridescent
                  | scales. (AC +2) [hidden potential]
  4205 | D:5      | XOM: god gift: 4 atropa-tipped darts
  4207 | D:5      | Reached skill level 1 in Hexes
  4207 | D:5      | Reached skill level 1 in Ice Magic
  4409 | D:6      | Noticed a yak
  4409 | D:6      | Noticed a yak
  4409 | D:6      | Noticed a yak
  4409 | D:6      | Noticed a yak
  4409 | D:6      | Noticed a yak
  4409 | D:6      | Noticed a yak
  4424 | D:5      | Killed a yak
  4461 | D:5      | XOM: give mutations
  4461 | D:5      | Lost mutation: You have hidden genetic potential. [Xom's
                  | mischief]
  4461 | D:5      | Gained mutation: You are agile. (Dex +4, Str/Int -1) [Xom's
                  | mischief]
  4461 | D:5      | Gained mutation: You are weak. (Str -2) [Xom's mischief]
  4461 | D:5      | Gained mutation: Your flesh is heat resistant. (rF+) [Xom's
                  | mischief]
  4499 | D:6      | Found a staircase to the Ecumenical Temple.
  4514 | D:6      | XOM: swap monsters
  4737 | D:6      | XOM: destruction
  4759 | D:6      | Killed a yak
  4760 | D:6      | Reached skill level 5 in Stealth
  4760 | D:6      | Reached XP level 9. HP: 41/58 MP: 9/15
  4985 | D:6      | XOM: enchant monster (bad)
  5363 | D:6      | XOM: confuse monster(s)
  5366 | D:6      | Reached skill level 5 in Shields
  5406 | D:6      | Found a basalt altar of Yredelemnul.
  5536 | D:6      | Reached skill level 1 in Earth Magic
  5810 | D:7      | XOM: fog
  5901 | D:7      | Found a snail-covered altar of Cheibriados.
  6367 | D:7      | Found a white marble altar of Elyvilon.
  6608 | D:7      | XOM: divination: detect items
  6761 | D:8      | Reached XP level 10. HP: 37/63 MP: 10/16
  6958 | D:8      | XOM: 3-stop teleportation journey
  7052 | D:8      | XOM: god gift: ring mail {god gift}
  7134 | D:8      | XOM: noise
  7227 | D:8      | Reached skill level 5 in Ice Magic
  7404 | D:8      | Found Ysaiz's Antique Armour Shoppe.
  7794 | D:9      | XOM: stealth player
  7859 | D:9      | Learned a level 3 spell: Frozen Ramparts
  7871 | D:9      | Found an opulent altar of Gozag.
  7951 | D:9      | XOM: summons 3 friendly demons
  8031 | D:9      | Found a staircase to the Lair.
  8093 | D:9      | Noticed Joseph
  8110 | D:9      | Killed Joseph
  8446 | D:9      | XOM: give mutations
  8446 | D:9      | Lost mutation: You are weak. (Str -2) [Xom's mischief]
  8446 | D:9      | Lost mutation: You are agile. (Dex +4, Str/Int -1) [Xom's
                  | mischief]
  8446 | D:9      | Lost mutation: You expend magic power (3 MP) to strengthen
                  | your wands. [Xom's mischief]
  8446 | D:9      | Gained mutation: You passively dampen the noise of your
                  | surroundings. [Xom's mischief]
  8475 | D:9      | XOM: give mutation
  8475 | D:9      | Gained mutation: Your magical capacity is low. (-10% MP)
                  | [Xom's mischief]
  8481 | D:9      | XOM: god gift: javelin
  8494 | D:10     | Entered Level 10 of the Dungeon
  8558 | D:10     | XOM: give mutations
  8558 | D:10     | Gained mutation: You are covered in fur. (AC +1) [Xom's
                  | mischief]
  8558 | D:10     | Lost mutation: You are partially covered in iridescent
                  | scales. (AC +2) [Xom's mischief]
  8558 | D:10     | Lost mutation: You possess an exceptional clarity of mind.
                  | [Xom's mischief]
  8568 | D:10     | XOM: give mutation
  8568 | D:10     | Lost mutation: Your magical capacity is low. (-10% MP)
                  | [Xom's mischief]
  8632 | D:10     | XOM: give mutations
  8632 | D:10     | Lost mutation: Your flesh is heat resistant. (rF+) [Xom's
                  | mischief]
  8632 | D:10     | Gained mutation: Your spells are a little harder to cast,
                  | but a little more powerful. [Xom's mischief]
  8632 | D:10     | Gained mutation: Your spells are harder to cast, but more
                  | powerful. [Xom's mischief]
  8632 | D:10     | Gained mutation: Your magical capacity is low. (-10% MP)
                  | [Xom's mischief]
  8678 | D:10     | XOM: smoke on damage
  8684 | D:10     | XOM: god gift: phantom mirror
  8685 | D:10     | XOM: butterfly on damage
  8688 | D:10     | XOM: destruction
  8766 | D:10     | XOM: summons friendly crimson imp
  8777 | Lair:1   | Entered Level 1 of the Lair of Beasts
  8784 | Lair:1   | Noticed a black mamba
  8788 | Lair:1   | Killed a black mamba
  8897 | Lair:1   | Reached skill level 5 in Spellcasting
  9239 | Lair:1   | Reached XP level 11. HP: 57/69 MP: 16/16
  9368 | Lair:1   | XOM: smoke on damage
  9382 | Lair:1   | Reached skill level 5 in Earth Magic
  9453 | Lair:1   | XOM: silly message
  9500 | Lair:1   | XOM: confuse monster(s)
  9672 | Lair:1   | Noticed an oklob plant
  9817 | Lair:2   | Identified a scroll of acquirement
  9861 | Lair:2   | XOM: god gift: 2 stones
  9985 | Lair:2   | Found a hole to the Spider Nest.
 10034 | Lair:2   | Noticed a harpy
 10150 | Lair:2   | XOM: god gift: 5 stones
 10340 | Lair:2   | XOM: summons friendly quasit
 10354 | Lair:2   | XOM: god gift: 40 gold pieces
 10435 | Lair:2   | XOM: polymorph quasit -> white imp
 10598 | Lair:2   | XOM: smoke on damage
 10734 | Lair:2   | Noticed a harpy
 10757 | Lair:3   | Noticed a six-headed hydra
 10860 | D:9      | XOM: potion effect (might)
 10986 | D:5      | Killed Prince Ribbit
 11052 | D:5      | Killed Menkaure
 11057 | D:5      | Identified the +4 ring mail of Entitlement {rC+}
 11066 | D:5      | Found a sparkling altar of Nemelex Xobeh.
 11256 | D:10     | XOM: 2-stop teleportation journey
 11276 | D:10     | Learned a level 3 spell: Ozocubu's Armour
 11350 | D:10     | XOM: summons 3 hostile demons
 11477 | D:10     | XOM: god gift: scroll of amnesia
 11536 | D:10     | XOM: 10-stop teleportation journey
 11914 | D:11     | Noticed a two-headed ogre
 11956 | D:11     | Found Umiqiqo's Jewellery Boutique.
 11957 | D:11     | Found Notsas's General Store.
 11969 | D:11     | Bought the ring of Ymmimuw {Contam rElec rF+ rN+ Str+2
                  | Dex+3} for 550 gold pieces
 11969 | D:11     | Bought a ring of poison resistance for 240 gold pieces
 12066 | D:11     | XOM: confusion (+ monsters)
 12074 | D:11     | Reached skill level 5 in Dodging
 12230 | D:11     | XOM is BORED!
 12249 | D:11     | XOM: give mutation
 12249 | D:11     | Gained mutation: Your muscles are strong. (Str +4, Int/Dex
                  | -1) [Xom's grace]
 12274 | D:11     | Found Xeasejij's Antique Weapon Boutique.
 12328 | D:11     | Killed a two-headed ogre
 12329 | D:11     | Reached XP level 12. HP: 74/74 MP: 19/19
 12529 | D:11     | XOM: silly message
 12579 | D:11     | XOM: summons 1 hostile shadow creature
 12664 | D:11     | XOM: noise
 12765 | D:11     | Noticed a vault guard
 12779 | D:11     | XOM: divination: magic mapping
 12780 | D:11     | XOM: stat loss: -1 Str (19/20)
 12787 | D:11     | Killed a vault guard
 12788 | D:11     | Reached skill level 10 in Maces & Flails
 12796 | D:11     | Found a portal to a secret trove of treasure.
 13228 | Lair:2   | Found a staircase to the Shoals.
 13289 | Lair:2   | Acquired 818 gold pieces
 13318 | Lair:3   | Learned a level 1 spell: Apportation
 13339 | Lair:3   | XOM: confuse monster(s)
 13357 | Lair:3   | XOM: summons friendly white imp
 13493 | Lair:3   | XOM: polymorph elephant -> orb spider
 13517 | Lair:3   | XOM: summons friendly white imp
 13552 | Lair:3   | Reached skill level 1 in Transmutations
 13616 | Lair:3   | XOM: divination: magic mapping
 13644 | Lair:3   | XOM: polymorph basilisk -> hornet
 13794 | Lair:3   | XOM: enchant monster (good)
 13921 | Lair:3   | XOM: confusion
 13975 | Lair:3   | XOM: 1-stop teleportation journey
 13985 | Lair:3   | XOM: give mutation
 13985 | Lair:3   | Gained mutation: You are covered in thick fur. (AC +2)
                  | [Xom's grace]
 14001 | Lair:3   | Noticed a skyshark
 14079 | Lair:3   | XOM: scenery: create altars
 14092 | Lair:3   | XOM: 7-stop teleportation journey
 14102 | Lair:3   | Killed a six-headed hydra
 14266 | Lair:3   | XOM: give mutations
 14266 | Lair:3   | Gained mutation: You are partially covered in iridescent
                  | scales. (AC +2) [Xom's grace]
 14266 | Lair:3   | Gained mutation: Your muscles are very strong. (Str +8,
                  | Int/Dex -2) [Xom's grace]
 14266 | Lair:3   | Gained mutation: You are robust. (+10% HP) [Xom's grace]
 14294 | Lair:3   | XOM: swap monsters
 14295 | Lair:3   | XOM: divination: detect items
 14302 | Lair:3   | XOM: scenery: create altars
 14318 | Lair:3   | Reached skill level 5 in Fighting
 14342 | Lair:3   | XOM: enchant monster (good)
 14369 | Lair:3   | XOM: potion effect (invisibility)
 14370 | Lair:3   | XOM: give mutations
 14370 | Lair:3   | Gained mutation: You have supernaturally acute eyesight.
                  | (SInv) [Xom's grace]
 14370 | Lair:3   | Gained mutation: You are strong-willed. (Will+) [Xom's
                  | grace]
 14370 | Lair:3   | Lost mutation: Your magical capacity is low. (-10% MP)
                  | [Xom's grace]
 14370 | Lair:3   | Gained mutation: You are agile. (Dex +4, Str/Int -1) [Xom's
                  | grace]
 14504 | Lair:3   | XOM: destruction
 14510 | Lair:3   | Reached XP level 13. HP: 58/90 MP: 14/23
 14776 | Lair:4   | XOM: 2-stop teleportation journey
 14928 | Lair:4   | XOM: 1-stop teleportation journey
 14941 | Lair:4   | XOM: scenery: summon butterflies
 15157 | Lair:4   | Reached skill level 10 in Shields
 15207 | Lair:4   | Identified the +5 leather armour of Modesty {rElec Regen+}
 15216 | Lair:4   | XOM: potion effect (brilliance)
 15219 | Lair:4   | XOM: potion effect (curing)
 15319 | Lair:4   | Found a viscous altar of Jiyva.
 15319 | Lair:4   | Found a staircase to the Slime Pits.
 15330 | Lair:4   | XOM: noise
 15576 | Lair:5   | XOM: noise
 15576 | Lair:5   | Entered Level 5 of the Lair of Beasts
 15635 | Lair:5   | XOM: cast spell 'Cause Fear'
 15662 | Lair:5   | XOM: noise
 15670 | Lair:5   | XOM: potion effect (magic)
 15680 | Lair:5   | XOM: confusion
 15681 | Lair:5   | XOM: enchant monster (bad)
 15760 | Lair:5   | XOM: confusion
 15799 | Lair:5   | XOM: enchant monster (bad)
 15895 | Lair:5   | XOM: 1-stop teleportation journey
 15930 | Lair:5   | XOM: give mutation
 15930 | Lair:5   | Lost mutation: You are agile. (Dex +4, Str/Int -1) [Xom's
                  | mischief]
 16052 | Lair:5   | XOM: 1-stop teleportation journey
 16158 | Lair:5   | XOM: noise
 16298 | Lair:5   | XOM: summons 1 hostile demon
 16485 | Lair:5   | XOM: smoke on damage
 16842 | Lair:5   | XOM: noise
 16927 | Lair:5   | XOM: cast spell 'Summon Horrible Things'
 17059 | Lair:5   | XOM: cast spell 'Statue Form'
 17092 | Lair:5   | XOM: summons friendly iron imp
 17094 | Lair:5   | XOM: summons friendly shadow imp
 17145 | Lair:5   | XOM: cloud trail
 17181 | Lair:5   | Reached XP level 14. HP: 102/102 MP: 16/24
 17198 | Lair:5   | XOM: god gift: potion of mutation
 17240 | Lair:5   | XOM: god gift: 30 gold pieces
 17262 | Lair:5   | XOM: smoke on damage
 17576 | Lair:5   | XOM: scenery: summon butterflies
 17854 | Lair:5   | XOM: scenery: create altars
 18230 | Lair:2   | XOM: divine lightning
 18251 | Lair:2   | XOM: god gift: glowing broad axe {god gift}
 18520 | Lair:2   | XOM: summons 8 hostile demons
 18583 | Lair:2   | XOM: god gift: 16 gold pieces
 18681 | D:10     | XOM: fog
 18959 | D:12     | XOM: polymorph slime creature -> five-headed hydra
 19063 | D:12     | Found a staircase to the Orcish Mines.
 19176 | D:12     | XOM: torment (59/104 hp)
 19352 | D:12     | Found a shadowy altar of Dithmenos.
 19395 | D:12     | XOM: give mutation
 19395 | D:12     | Lost mutation: Your spells are harder to cast, but more
                  | powerful. [Xom's mischief]
 19434 | D:12     | XOM: chaos cloud
 19557 | D:12     | XOM is BORED!
 19557 | D:12     | XOM: noise
 19876 | Orc:1    | Entered Level 1 of the Orcish Mines
 19876 | Orc:1    | Noticed an orc warlord
 19901 | Orc:1    | XOM: enchant monster (bad)
 20003 | Orc:1    | XOM: fake destruction
 20008 | Orc:1    | Killed an orc warlord
 20088 | Orc:1    | Noticed an orc warlord
 20116 | Orc:1    | Killed an orc warlord
 20136 | Orc:1    | XOM: 4-stop teleportation journey
 20162 | Orc:1    | XOM: 3-stop teleportation journey
 20176 | Orc:1    | XOM: fog
 20188 | Orc:1    | XOM: divination: detect creatures
 20451 | Orc:1    | Found Leucip's Book Boutique.
 20479 | Orc:1    | XOM: scenery: create altars
 20580 | Orc:2    | Entered Level 2 of the Orcish Mines
 20588 | Orc:2    | XOM: potion effect (attraction)
 20596 | Orc:2    | Reached skill level 10 in Dodging
 20765 | Orc:2    | Found Kiuguvey's Magic Scroll Boutique.
 20768 | Orc:2    | Bought a scroll of teleportation for 48 gold pieces
 20933 | Orc:2    | XOM: summons friendly crimson imp
 21106 | Orc:2    | Found Jaorph's Armour Shop.
 21124 | Orc:2    | XOM: enchant monster (good)
 21157 | Orc:2    | XOM: noise
 21176 | Orc:2    | Reached XP level 15. HP: 108/111 MP: 18/25
 21197 | Orc:2    | XOM: divination: detect creatures
 21290 | Orc:2    | XOM is BORED!
 21367 | Orc:2    | Found a staircase to the Elven Halls.
 21368 | Orc:2    | Found Lioxobann's Assorted Antiques.
 21387 | Orc:2    | Bought a shimmering mace for 200 gold pieces
 21387 | Orc:2    | Identified the +0 mace of the End {protect, Str+6 Dex-5}
                  | (You bought it in a shop on level 2 of the Orcish Mines)
 21387 | Orc:2    | Bought 2 scrolls of blinking for 375 gold pieces
 21410 | Orc:2    | Found Mogrutz's Distillery.
 21419 | Orc:2    | Bought a potion of magic for 112 gold pieces
 21438 | Orc:2    | XOM: scenery: create altars
 21569 | Orc:2    | Found Lekazif's Magic Scroll Emporium.
 21582 | Orc:2    | Bought a scroll of teleportation for 36 gold pieces
 21582 | Orc:2    | Bought 3 scrolls of teleportation for 108 gold pieces
 21583 | Orc:2    | Found Wokhlan's Weapon Emporium.
 21602 | Orc:2    | Found Xigoskex's Distillery.
 21610 | Orc:2    | Bought a potion of heal wounds for 65 gold pieces
 21900 | D:12     | XOM: cloud trail
 22052 | D:13     | Reached skill level 1 in Evocations
 22124 | D:13     | XOM: summons friendly quasit
 22131 | D:13     | XOM: 2-stop teleportation journey
 22287 | D:11     | Bought a ring of resist corrosion for 240 gold pieces
 22331 | D:12     | Identified the +1 robe of the Game Afoot {rC+ Int-3 SInv}
 22561 | D:13     | XOM: summons 3 friendly demons
 22566 | D:13     | XOM: divination: detect creatures
 22614 | D:13     | XOM: god gift: 33 gold pieces
 22685 | D:13     | XOM: polymorph centaur warrior -> mana viper
 22806 | D:13     | XOM: polymorph manticore -> yaktaur
 22815 | D:13     | Acquired 688 gold pieces
 22817 | D:13     | Acquired 522 gold pieces
 22933 | D:13     | XOM: divination: magic mapping
 22942 | D:13     | XOM: fake destruction
 22986 | D:13     | Found a gate to the Vaults.
 22999 | D:13     | XOM: god gift: wand of flame (11)
 23044 | D:13     | XOM: god gift: wand of flame (7)
 23082 | D:13     | XOM: enchant monster (bad)
 23350 | D:14     | XOM: repel stairs
 23360 | D:13     | XOM: enchant monster (good)
 23500 | D:14     | XOM: noise
 23509 | D:14     | XOM: polymorph purple ugly thing -> white ugly thing
 23515 | D:14     | Reached skill level 10 in Fighting
 23519 | D:14     | XOM: scenery: summon butterflies
 23522 | D:14     | XOM: summons friendly white imp
 23525 | D:14     | XOM: summons 3 friendly demons
 23528 | D:14     | XOM: enchant monster (good)
 23542 | D:14     | Reached skill level 5 in Transmutations
 23552 | D:14     | Reached skill level 10 in Ice Magic
 23581 | D:13     | XOM: give mutations
 23581 | D:13     | Lost mutation: Your flesh is cold resistant. (rC+) [Xom's
                  | mischief]
 23581 | D:13     | Lost mutation: You passively dampen the noise of your
                  | surroundings. [Xom's mischief]
 23581 | D:13     | Gained mutation: You are mostly covered in iridescent
                  | scales. (AC +4) [Xom's mischief]
 23683 | D:14     | XOM: confuse monster(s)
 23702 | D:14     | Got the Annotations on Fuming Flames
 23791 | D:14     | XOM: cleaving
 23803 | D:14     | XOM: cleaving
 23804 | D:14     | XOM: cast spell 'Dispersal'
 24057 | D:14     | Identified the +1 scale mail "Bagesurazuk" {rElec rC+ Dex+2
                  | Stlth+}
 24127 | D:15     | Entered Level 15 of the Dungeon
 24204 | D:15     | XOM: divine lightning
 24222 | D:15     | XOM: summons friendly crimson imp
 24235 | D:15     | XOM: confuse monster(s)
 24244 | D:15     | Reached XP level 16. HP: 121/121 MP: 19/27
 24253 | D:15     | Found a frozen archway.
 24264 | D:15     | XOM: summons 5 friendly demons
 24290 | IceCv    | Entered an ice cave
 24466 | IceCv    | XOM: potion effect (magic)
 24472 | IceCv    | XOM: enchant monster (good)
 24475 | IceCv    | XOM: fog
 24554 | IceCv    | XOM: summons 5 friendly demons
 24715 | IceCv    | XOM: god gift: +1 demon whip of chaos
 24931 | IceCv    | XOM: summons 4 friendly demons
 25025 | IceCv    | XOM: cleaving
 25188 | IceCv    | XOM: summons friendly crimson imp
 25199 | IceCv    | Identified the ring "Biucaoll" {+Blink rC+ Dex+3}
 25291 | IceCv    | XOM: blink monster(s)
 25365 | IceCv    | XOM: divination: magic mapping
 25509 | D:15     | XOM: divination: detect items
 25527 | D:15     | Noticed Louise
 25546 | D:15     | Killed Louise
 25628 | D:15     | XOM: polymorph meliai -> harpy
 25746 | D:15     | XOM: give mutations
 25746 | D:15     | Gained mutation: Your natural rate of healing is unusually
                  | fast. [Xom's grace]
 25746 | D:15     | Gained mutation: You possess an exceptional clarity of
                  | mind. [Xom's grace]
 26070 | D:15     | Found a staircase to the Depths.
 26187 | D:15     | XOM: enchant monster (good)
 26657 | Shoals:1 | Entered Level 1 of the Shoals
 26657 | Shoals:1 | Noticed Nikola
 26954 | Shoals:1 | Killed Nikola
 27017 | Shoals:1 | XOM: noise
 27030 | Shoals:1 | XOM: cloud trail
 27113 | Shoals:1 | XOM: noise
 27131 | Shoals:1 | XOM: silly message
 27159 | Shoals:1 | Reached XP level 17. HP: 128/128 MP: 29/29
 27258 | Shoals:1 | Identified the +6 sling of Ahuomidi {flame, Fly rF++ Int-5
                  | SInv}
 27274 | Shoals:1 | Noticed a kraken
 27285 | Shoals:1 | Noticed a kraken
 27289 | Shoals:1 | XOM: cast spell 'Cause Fear'
 27451 | Shoals:1 | Noticed a kraken
 27551 | Shoals:1 | XOM: scenery: create altars
 27591 | Shoals:1 | Killed a kraken
 27701 | Shoals:1 | XOM: summons 5 friendly demons
 27720 | Shoals:1 | Found a runed translucent door.
 27809 | Shoals:2 | XOM: polymorph faun -> glowing shapeshifter
 27819 | Shoals:2 | XOM: noise
 27830 | Shoals:2 | XOM: divination: magic mapping
 28004 | Shoals:2 | XOM: summons 2 friendly demons
 28010 | Shoals:2 | XOM: scenery: summon butterflies
 28055 | Shoals:2 | XOM: 1-stop teleportation journey
 28060 | Shoals:2 | XOM: swap monsters
 28137 | Shoals:2 | XOM: noise
 28381 | Shoals:2 | XOM: noise
 28840 | Shoals:3 | Noticed Polyphemus
 28948 | Shoals:3 | XOM: chaos upgrade
 28951 | Shoals:3 | Reached skill level 15 in Maces & Flails
 28957 | Shoals:3 | XOM: potion effect (heal wounds)
 28993 | Shoals:3 | XOM: give mutation
 28993 | Shoals:3 | Lost mutation: You possess an exceptional clarity of mind.
                  | [Xom's mischief]
 29029 | Shoals:3 | XOM: give mutations
 29029 | Shoals:3 | Lost mutation: Your muscles are very strong. (Str +8,
                  | Int/Dex -2) [Xom's mischief]
 29029 | Shoals:3 | Lost mutation: You are robust. (+10% HP) [Xom's mischief]
 29029 | Shoals:3 | Lost mutation: You are strong-willed. (Will+) [Xom's
                  | mischief]
 29029 | Shoals:3 | Gained mutation: You are frail. (-10% HP) [Xom's mischief]
 29039 | Shoals:3 | XOM: blink monster(s)
 29042 | Shoals:3 | Found the +8 autumn katana {manifold assault}
 29103 | Shoals:3 | XOM: polymorph dream sheep -> steelbarb worm
 29106 | Shoals:3 | XOM: summons 3 friendly demons
 29175 | Shoals:3 | Noticed Jorgrun
 29177 | Shoals:3 | Jorgrun changed into Jorgrun the azure jelly
 29177 | Shoals:3 | Noticed Jorgrun
 29177 | Shoals:3 | XOM: polymorph Jorgrun -> Jorgrun the azure jelly
 29181 | Shoals:3 | XOM: confusion
 29191 | Shoals:3 | Killed Jorgrun the azure jelly
 29305 | Shoals:3 | XOM: cloud trail
 29457 | Shoals:3 | Killed Polyphemus
 29470 | Shoals:3 | XOM: give mutations
 29470 | Shoals:3 | Lost mutation: You are frail. (-10% HP) [Xom's grace]
 29470 | Shoals:3 | Gained mutation: You possess an exceptional clarity of
                  | mind. [Xom's grace]
 29470 | Shoals:3 | Gained mutation: Your thick and shaggy fur keeps you warm.
                  | (AC +3, rC+) [Xom's grace]
 29624 | Shoals:3 | XOM: 5-stop teleportation journey
 29627 | Shoals:3 | XOM: snakes to sticks
 29753 | Shoals:3 | XOM: give mutations
 29753 | Shoals:3 | Lost mutation: You have supernaturally acute eyesight.
                  | (SInv) [Xom's mischief]
 29753 | Shoals:3 | Lost mutation: You are mostly covered in iridescent scales.
                  | (AC +4) [Xom's mischief]
 29753 | Shoals:3 | Gained mutation: You are robust. (+10% HP) [Xom's mischief]
 29772 | Shoals:4 | Entered Level 4 of the Shoals
 29782 | Shoals:4 | XOM: summons 9 hostile demons
 29863 | Shoals:4 | XOM: summons 3 friendly demons
 29955 | Shoals:4 | XOM: enchant monster (bad)
 30026 | Shoals:4 | XOM: noise
 30073 | Shoals:4 | Noticed a kraken
 30177 | Shoals:4 | XOM: blink monster(s)
 30188 | Shoals:4 | XOM: enchant monster (bad)
 30202 | Shoals:4 | Killed a kraken
 30297 | Shoals:4 | Identified the +0 long sword of Eternal Vigilance {freeze,
                  | *Corrode rElec rPois}
 30350 | Shoals:4 | XOM: noise
 30351 | Shoals:4 | XOM: chaos upgrade
 30363 | Shoals:4 | Identified the +1 flail "Caic" {spect, rC+ Dex+2}
 30447 | Shoals:4 | Reached XP level 18. HP: 73/136 MP: 27/31
 30569 | Shoals:4 | XOM: divination: magic mapping
 30619 | Shoals:4 | Reached skill level 15 in Shields
 30653 | Shoals:4 | Got a barnacled rune of Zot
 30695 | Shoals:4 | XOM: noise
 31230 | Spider:1 | Entered Level 1 of the Spider Nest
 31276 | Spider:1 | XOM: noise
 31499 | Spider:1 | XOM: scenery: create altars
 31539 | Spider:1 | XOM: enchant monster (bad)
 31545 | Spider:1 | XOM: enchant monster (bad)
 31821 | Spider:1 | XOM: draining
 31970 | D:11     | Bought the ring "Rad Fics" {+Blink rElec Str+6 Int-4 SInv}
                  | for 633 gold pieces
 32506 | Spider:1 | XOM: polymorph redback -> glowing shapeshifter
 32535 | Spider:1 | XOM: draining
 32765 | Spider:1 | XOM: torment (69/122 hp)
 32946 | Spider:2 | XOM: stat loss: -1 Int (15/16)
 32956 | Spider:2 | Noticed Frances
 32977 | Spider:2 | Killed Frances
 33107 | Spider:2 | XOM: polymorph tarantella -> queen bee
 33157 | Spider:2 | XOM: fake destruction
 33161 | Spider:2 | XOM: smoke on damage
 33192 | Spider:2 | XOM: enchant monster (bad)
 33234 | Spider:2 | Paralysed by a jorogumo for 2 turns
 33349 | Spider:2 | XOM: 1-stop teleportation journey
 33501 | Spider:2 | XOM: 4-stop teleportation journey
 33595 | Spider:2 | XOM: swap monsters
 33812 | Spider:2 | XOM: scenery: summon butterflies
 34268 | Spider:3 | XOM is BORED!
 34268 | Spider:3 | XOM: noise
 34305 | Spider:3 | XOM: confuse monster(s)
 34412 | Spider:3 | XOM: divination: detect items
 34525 | Spider:3 | XOM: noise
 34554 | Spider:3 | XOM: god gift: scroll of poison
 34703 | Spider:3 | XOM: 1-stop teleportation journey
 34760 | Spider:3 | XOM: 1-stop teleportation journey
 34769 | Spider:3 | Reached XP level 19. HP: 131/144 MP: 28/32
 35157 | Spider:4 | Entered Level 4 of the Spider Nest
 35595 | Spider:3 | XOM: potion effect (attraction)
 35852 | Spider:4 | XOM: divine lightning
 35933 | Spider:4 | XOM: polymorph sun moth -> cherub
 35979 | Spider:4 | Noticed Aizul
 35981 | Spider:4 | XOM: stat loss: -1 Dex (14/17)
 35986 | Spider:4 | XOM: potion effect (curing)
 35992 | Spider:4 | Killed Aizul
 36709 | Spider:4 | Got a gossamer rune of Zot
 36854 | Spider:4 | Found a runed translucent door.
 36854 | Spider:4 | Noticed Cumomo's ghost (adept SpEn)
 36869 | Spider:4 | Killed Cumomo's ghost
 37103 | Lair:3   | XOM: smoke on damage
 37384 | Vaults:1 | Entered Level 1 of the Vaults
 37453 | Vaults:1 | Found Pakh's Magic Scroll Emporium.
 37453 | Vaults:1 | XOM: 1-stop teleportation journey
 37470 | Vaults:1 | Bought a scroll of fear for 64 gold pieces
 37470 | Vaults:1 | Bought a scroll of teleportation for 48 gold pieces
 37470 | Vaults:1 | Bought a scroll of blinking for 120 gold pieces
 37507 | Vaults:1 | XOM: swap monsters
 37656 | Vaults:1 | XOM: destruction
 37677 | Vaults:1 | XOM: summons friendly ufetubus
 37691 | Vaults:1 | XOM: swap monsters
 37727 | Vaults:1 | Identified the +4 trident of Dismay {protect, Fly}
 37739 | Vaults:1 | XOM: cast spell 'Summon Dragon'
 37829 | Vaults:1 | Identified the +5 falchion of Karma {heavy, Drain rPois
                  | rF+++}
 37840 | Vaults:1 | XOM: potion effect (brilliance)
 38243 | Vaults:1 | Found a runed translucent gate.
 38243 | Vaults:1 | Found a runed translucent gate.
 38243 | Vaults:1 | Found a runed translucent gate.
 38243 | Vaults:1 | Noticed croobank's ghost (adept GnMo)
 38427 | Vaults:1 | XOM: give mutations
 38427 | Vaults:1 | Lost mutation: You are partially covered in iridescent
                  | scales. (AC +2) [Xom's mischief]
 38427 | Vaults:1 | Gained mutation: Your body sometimes deteriorates upon
                  | taking damage. [Xom's mischief]
 38427 | Vaults:1 | Lost mutation: Your natural rate of healing is unusually
                  | fast. [Xom's mischief]
 38430 | Vaults:1 | XOM: polymorph ironbound thunderhulk -> alligator snapping
                  | turtle
 38449 | Vaults:1 | XOM: blink monster(s)
 38532 | Vaults:1 | XOM: cloud trail
 38649 | Vaults:2 | XOM: divination: magic mapping
 38854 | Vaults:2 | XOM: enchant monster (bad)
 38858 | Vaults:2 | XOM: silly message
 38870 | Vaults:2 | Reached XP level 20. HP: 141/156 MP: 31/33
 38904 | Vaults:2 | XOM: summons 11 hostile demons
 39093 | Vaults:2 | XOM: 1-stop teleportation journey
 39132 | Vaults:2 | XOM: enchant monster (bad)
 39155 | Vaults:2 | XOM: cast spell 'Olgreb's Toxic Radiance'
 39208 | Vaults:2 | XOM: confuse monster(s)
 39294 | Vaults:2 | XOM: potion effect (might)
 39431 | Vaults:2 | XOM: enchant monster (good)
 39435 | Vaults:2 | XOM: enchant monster (good)
 39438 | Vaults:2 | XOM: chaos upgrade
 39464 | Vaults:2 | XOM: confuse monster(s)
 39634 | Vaults:2 | XOM: summons 2 friendly demons
 39688 | Vaults:2 | XOM: draining
 39814 | Vaults:2 | Found a staircase to the Crypt.
 39984 | Vaults:2 | Identified the +3 arbalest of Fae Cruel Justice {penet,
                  | rCorr Str+3}
 40200 | Vaults:3 | XOM: swap monsters
 40620 | Vaults:3 | XOM: 2-stop teleportation journey
 40797 | Vaults:3 | XOM: silly message
 41071 | Vaults:3 | Identified the +8 war axe "Sohuusyluo" {holy, *Noise MP+9
                  | Str+7}
 41267 | Vaults:3 | XOM: god gift: wand of roots (5)
 41274 | Vaults:3 | Identified the +7 arbalest of the Feather {drain, rN++
                  | Int-3 Dex+5}
 41516 | Vaults:4 | XOM: 6-stop teleportation journey
 41523 | Vaults:4 | XOM: confuse monster(s)
 41535 | Vaults:4 | XOM: give mutation
 41535 | Vaults:4 | Gained mutation: Your system is resistant to poisons.
                  | (rPois) [Xom's grace]
 41537 | Vaults:4 | Reached skill level 15 in Fighting
 41632 | Vaults:4 | Reached XP level 21. HP: 166/166 MP: 34/34
 41663 | Vaults:4 | XOM: scenery: 1 doors open
 41746 | Vaults:4 | XOM: divine lightning
 41763 | Vaults:4 | XOM: god gift: flail {god gift}
 41791 | Vaults:4 | XOM: enchant monster (good)
 42218 | Vaults:4 | XOM: 3-stop teleportation journey
 42353 | Vaults:4 | XOM: scenery: 1 doors close
 42386 | Vaults:4 | XOM: silly message
 42473 | Vaults:4 | XOM: noise
 42481 | Vaults:4 | XOM: potion effect (attraction)
 42483 | Vaults:4 | XOM: silly message
 42488 | Vaults:4 | XOM: cleaving
 42497 | Vaults:4 | Reached XP level 22. HP: 125/174 MP: 33/35
 42507 | Vaults:4 | XOM: confuse monster(s)
 43042 | Vaults:4 | XOM: cast spell 'Summon Mana Viper'
 43202 | Vaults:2 | XOM is BORED!
 43202 | Vaults:2 | XOM: give mutations
 43202 | Vaults:2 | Lost mutation: You possess an exceptional clarity of mind.
                  | [Xom's mischief]
 43202 | Vaults:2 | Lost mutation: Your muscles are strong. (Str +4, Int/Dex
                  | -1) [Xom's mischief]
 43202 | Vaults:2 | Lost mutation: Your body sometimes deteriorates upon taking
                  | damage. [Xom's mischief]
 43202 | Vaults:2 | Gained mutation: You possess an exceptional clarity of
                  | mind. [Xom's mischief]
 43319 | Elf:1    | Entered Level 1 of the Elven Halls
 43498 | Elf:1    | XOM: destruction
 43499 | Elf:1    | XOM: summons 15 friendly demons
 43631 | Elf:1    | Found a transporter.
 43633 | Elf:1    | Found a transporter.
 43650 | Elf:1    | Found a transporter.
 43653 | Elf:1    | Found a transporter.
 43689 | Elf:1    | Found a transporter.
 43691 | Elf:1    | Found a transporter.
 43721 | Elf:1    | You fall into a shaft and drop 1 floor!
 43787 | Elf:2    | XOM: silly message
 43792 | Elf:2    | XOM: chaos upgrade
 43818 | Elf:2    | Found a runed translucent gate.
 43818 | Elf:2    | Found a runed translucent gate.
 43819 | Elf:2    | Found a runed translucent gate.
 43980 | Elf:2    | Found Xaruh's Book Shoppe.
 43981 | Elf:2    | Found Pautsad's Jewellery Boutique.
 43983 | Elf:2    | Found Sifoehoebe's Book Shoppe.
 44020 | Elf:2    | Found Inatid's General Store.
 44026 | Elf:2    | Found Urghuruz's Specific Store.
 44092 | Elf:2    | Found Vaboigab's Magic Scroll Shoppe.
 44095 | Elf:2    | Bought a scroll of acquirement for 780 gold pieces
 44095 | Elf:2    | Acquired the +2 hat of the End {Int+7 Stlth-}
 44271 | Elf:1    | XOM: blink monster(s)
 44697 | Elf:1    | XOM: give mutation
 44697 | Elf:1    | Lost mutation: Your system is resistant to poisons. (rPois)
                  | [Xom's mischief]
 44834 | Elf:1    | XOM: stat loss: -1 Int (22/23)
 44955 | Elf:2    | XOM: divination: detect items
 45381 | Elf:2    | XOM: chaos cloud
 45399 | Elf:2    | XOM: give mutations
 45399 | Elf:2    | Gained mutation: You are strong-willed. (Will+) [Xom's
                  | mischief]
 45399 | Elf:2    | Gained mutation: You occasionally shout uncontrollably at
                  | your foes. [Xom's mischief]
 45399 | Elf:2    | Lost mutation: You possess an exceptional clarity of mind.
                  | [Xom's mischief]
 45399 | Elf:2    | Gained mutation: You are partially covered in iridescent
                  | scales. (AC +2) [Xom's mischief]
 45798 | Elf:3    | Entered Level 3 of the Elven Halls
 46055 | Elf:3    | XOM: god gift: broad axe {god gift}
 46071 | Elf:3    | XOM: destruction
 46140 | Elf:3    | Acquired 950 gold pieces
 46248 | Elf:3    | XOM: cleaving
 46296 | Elf:3    | Identified the +3 storm dragon scales of Impermeability
                  | {Contam rElec Will+ Dex+3 SInv}
 46312 | Elf:3    | XOM: polymorph deep elf annihilator -> shapeshifter
 46315 | Elf:3    | XOM: divine lightning
 46360 | Elf:3    | Identified the staff of poison "Menyx" {rPois rC- Int+4}
 46360 | Elf:3    | Identified the amulet of Fiwkuqa {rC+ Regen+ Str+3 Int+4}
 46401 | Elf:3    | Paralysed by an air elemental for 1 turns
 46517 | Elf:3    | XOM: summons 2 friendly demons
 46518 | Elf:3    | Reached XP level 23. HP: 184/184 MP: 30/36
 46568 | Elf:3    | Identified the ring of Vyliot {*Slow Fly Will+++ MP+9 SInv}
 46576 | Elf:3    | Identified the +5 mace of Courage {heavy, Dex+5}
 46577 | Elf:3    | Paralysed by an air elemental for 1 turns
 46758 | Elf:3    | XOM: give mutations
 46758 | Elf:3    | Gained mutation: You passively dampen the noise of your
                  | surroundings. [Xom's grace]
 46758 | Elf:3    | Gained mutation: You possess an exceptional clarity of
                  | mind. [Xom's grace]
 46758 | Elf:3    | Gained mutation: Your mind is acute. (Int +4, Str/Dex -1)
                  | [Xom's grace]
 47039 | Elf:3    | Identified the +5 sling "Lilykal" {flame, rF+++}
 47308 | Elf:3    | XOM: give mutation
 47308 | Elf:3    | Gained mutation: You frequently scream uncontrollably at
                  | your foes. [Xom's mischief]
 47428 | Orc:2    | XOM: cloud trail
 47560 | Crypt:1  | Entered Level 1 of the Crypt
 47831 | Crypt:1  | Identified the ring "Dylo" {Ice Str+4}
 47831 | Crypt:1  | Noticed Josephina
 47917 | Crypt:1  | XOM: 1-stop teleportation journey
 47920 | Crypt:1  | Noticed Donald
 48040 | Crypt:1  | Killed Donald
 48168 | Crypt:1  | XOM: enchant monster (good)
 48359 | Crypt:1  | XOM: 1-stop teleportation journey
 48741 | Crypt:1  | XOM: enchant monster (bad)
 48879 | Crypt:1  | XOM: divination: magic mapping
 48927 | Crypt:1  | XOM: cast spell 'Call Canine Familiar'
 48937 | Crypt:1  | Killed Josephina
 48938 | Crypt:1  | Reached skill level 10 in Earth Magic
 49114 | Crypt:1  | XOM: confuse monster(s)
 49575 | Crypt:1  | Found a basalt altar of Yredelemnul.
 49606 | Crypt:2  | XOM: cast spell 'Leda's Liquefaction'
 49611 | Crypt:2  | XOM: potion effect (heal wounds)
 49613 | Crypt:2  | XOM: enchant monster (bad)
 49646 | Crypt:2  | Reached skill level 5 in Evocations
 49779 | Crypt:2  | XOM: 6-stop teleportation journey
 49911 | Crypt:2  | XOM: summons 11 hostile demons
 50107 | Crypt:2  | XOM: torment (105/188 hp)
 50581 | Crypt:2  | XOM: scenery: create altars
 50708 | Crypt:3  | Entered Level 3 of the Crypt
 50722 | Crypt:3  | XOM: destruction
 50724 | Crypt:3  | XOM: summons 2 friendly demons
 50725 | Crypt:3  | XOM: blink monster(s)
 50894 | Crypt:3  | Found a staircase to the Tomb.
 50938 | Crypt:3  | XOM: enchant monster (good)
 51259 | Crypt:3  | XOM: cloud trail
 51380 | Crypt:3  | XOM: scenery: create altars
 51717 | Crypt:3  | XOM: enchant monster (good)
 51799 | Crypt:3  | XOM: 5-stop teleportation journey
 51800 | Crypt:3  | XOM: confuse monster(s)
 51807 | Crypt:3  | XOM: divination: detect items
 51808 | Crypt:3  | XOM: god gift: +0 pair of fencer's gloves {Riposte Dex+3}
 51809 | Crypt:3  | Found the +0 pair of fencer's gloves {Riposte Dex+3}
 52188 | Crypt:3  | Found a basalt altar of Yredelemnul.
 52221 | Crypt:3  | XOM: give mutations
 52221 | Crypt:3  | Gained mutation: You have hidden genetic potential. [Xom's
                  | grace]
 52221 | Crypt:3  | Gained mutation: Your flesh is heat resistant. (rF+) [Xom's
                  | grace]
 52291 | Crypt:3  | XOM: confuse monster(s)
 52297 | Crypt:3  | Reached XP level 24. HP: 190/195 MP: 36/36
 52376 | Crypt:3  | XOM: god gift: +4 ring of protection
 52400 | Crypt:3  | Noticed a dread lich
 52400 | Crypt:3  | Found the +7 great mace "Undeadhunter" {deathbane, rN+}
 52400 | Crypt:3  | XOM: 2-stop teleportation journey
 52406 | Crypt:3  | Killed a dread lich
 52769 | Crypt:3  | Identified the +1 morningstar "Leebben" {protect, rC+ Str+3
                  | Dex+2 Stlth+}
 52810 | Crypt:3  | XOM: smoke on damage
 52814 | Crypt:3  | XOM: cast spell 'Leda's Liquefaction'
 52864 | Crypt:3  | XOM: potion effect (haste)
 52996 | Crypt:3  | XOM: scenery: 1 doors close
 53338 | Depths:1 | Entered Level 1 of the Depths
 53338 | Depths:1 | Found a gateway to Hell.
 53368 | Depths:1 | Found a one-way gate leading to the halls of Pandemonium.
 53392 | D:15     | XOM: scenery: create altars
 53931 | Depths:1 | Found Foruim's Self-Improvement Boutique.
 53942 | Depths:1 | Bought a manual of Fighting for 1440 gold pieces
 53995 | Depths:1 | XOM: cleaving
 54193 | Depths:1 | XOM: divination: magic mapping
 54228 | Depths:1 | Acquired 960 gold pieces
 54287 | Depths:1 | XOM: divination: detect creatures
 54350 | Depths:2 | Found Amucaph's Antique Weapon Emporium.
 54450 | Depths:2 | XOM: polymorph balrug -> green death
 54666 | Depths:2 | XOM: scenery: 1 doors open
 54688 | Depths:2 | XOM: 1-stop teleportation journey
 54706 | Depths:2 | XOM: silly message
 54788 | Depths:2 | Reached skill level 1 in Air Magic
 54862 | Depths:2 | XOM: divination: detect creatures
 54892 | Depths:2 | XOM: cast spell 'Summon Small Mammal'
 54893 | Depths:2 | XOM: divination: detect creatures
 54918 | Depths:2 | XOM: divination: magic mapping
 54940 | Depths:2 | XOM: enchant monster (good)
 54947 | Depths:2 | XOM: noise
 55061 | Depths:2 | XOM: cast spell 'Statue Form'
 55519 | Depths:2 | XOM: god gift: 18 gold pieces
 55681 | Depths:3 | Found a one-way gateway to a ziggurat.
 55709 | Depths:3 | XOM: enchant monster (bad)
 55719 | Depths:3 | Paralysed by a hornet for 3 turns
 56004 | Depths:3 | Noticed Margery
 56004 | Depths:3 | XOM: 4-stop teleportation journey
 56005 | Depths:3 | Found a one-way gate to the infinite horrors of the Abyss.
 56020 | Depths:3 | Killed Margery
 56251 | Depths:3 | Found Xomm's Weapon Boutique.
 56391 | Depths:3 | XOM: silly message
 56542 | Depths:3 | XOM: scenery: summon butterflies
 56688 | Depths:4 | Entered Level 4 of the Depths
 56688 | Depths:4 | Noticed a caustic shrike
 56688 | Depths:4 | Noticed a caustic shrike
 56688 | Depths:4 | Noticed a caustic shrike
 56688 | Depths:4 | Noticed a caustic shrike
 56689 | Depths:4 | Noticed a caustic shrike
 56740 | Depths:3 | XOM: cloud trail
 56824 | Depths:4 | XOM: potion effect (invisibility)
 56857 | Depths:4 | Gained mutation: You passively map a small area around you.
                  | [hidden potential]
 56872 | Depths:4 | XOM: noise
 56940 | Depths:4 | Reached skill level 5 in Hexes
 57012 | Depths:4 | XOM: 1-stop teleportation journey
 57016 | Depths:4 | XOM: 1-stop teleportation journey
 57040 | Depths:4 | XOM: enchant monster (bad)
 57155 | Depths:4 | XOM: enchant monster (bad)
 57156 | Depths:4 | Killed a caustic shrike
 57157 | Depths:4 | Reached XP level 25. HP: 199/206 MP: 32/36
 57159 | Depths:4 | XOM: noise
 57165 | Depths:4 | XOM: swap monsters
 57191 | Depths:4 | XOM: scenery: create altars
 57202 | Depths:4 | XOM: cloud trail
 57252 | Depths:4 | XOM: scenery: create altars
 57414 | Depths:4 | XOM: divine lightning
 57437 | Depths:4 | XOM: 2-stop teleportation journey
 57674 | Depths:4 | XOM: scenery: summon butterflies
 57706 | Depths:4 | XOM: destruction
 57708 | Depths:4 | XOM: polymorph butterfly -> river rat
 57874 | Depths:4 | Reached skill level 5 in Air Magic
 57981 | Depths:4 | XOM: destruction
 57984 | Depths:4 | XOM: polymorph black draconian -> quicksilver ooze
 57985 | Depths:4 | XOM: 1-stop teleportation journey
 58192 | Depths:4 | Found a runed translucent door.
 58192 | Depths:4 | Found a runed translucent door.
 58278 | Depths:4 | Found a runed translucent door.
 58278 | Depths:4 | Found a runed translucent door.
 58321 | Depths:4 | XOM: potion effect (heal wounds)
 58330 | Depths:4 | XOM: summons 2 friendly demons
 58448 | Depths:4 | Found a runed translucent door.
 58455 | Depths:4 | Found a runed translucent door.
 58512 | Depths:4 | XOM: destruction
 58782 | Depths:4 | Found a gate to the Realm of Zot.
 59130 | Depths:3 | Voluntarily entered the Abyss.
 59130 | Abyss:1  | XOM: noise
 59130 | Abyss:1  | Found a corrupted altar of Lugonu.
 59195 | Abyss:1  | XOM: polymorph red draconian -> glowing shapeshifter
 59231 | Abyss:1  | XOM: enchant monster (bad)
 59239 | Abyss:1  | XOM: confuse monster(s)
 59252 | Abyss:1  | XOM: polymorph guardian serpent -> queen bee
 59389 | Abyss:1  | Found a corrupted altar of Lugonu.
 59472 | Abyss:2  | XOM: noise
 59600 | Abyss:2  | XOM: chaos cloud
 59636 | Abyss:2  | XOM: summons 1 hostile demon
 59668 | Abyss:2  | Learned a level 5 spell: Silence
 59683 | Abyss:2  | XOM: noise
 59685 | Abyss:2  | XOM: summons 4 hostile shadow creatures
 59721 | Abyss:2  | Found a corrupted altar of Lugonu.
 59846 | Abyss:2  | XOM: noise
 59871 | Abyss:2  | XOM: god gift: 2 javelins
 59889 | Abyss:3  | Found a corrupted altar of Lugonu.
 59920 | Abyss:3  | XOM: summons friendly quasit
 60018 | Abyss:3  | Found a corrupted altar of Lugonu.
 60026 | Abyss:3  | Found a corrupted altar of Lugonu.
 60026 | Abyss:3  | Found a corrupted altar of Lugonu.
 60168 | Abyss:3  | XOM: scenery: create altars
 60176 | Abyss:3  | XOM: divination: detect creatures
 60412 | Abyss:3  | Got an abyssal rune of Zot
 60490 | Abyss:3  | Found a shimmering altar of Xom.
 60525 | Abyss:3  | Gained mutation: Your spells are harder to cast, but more
                  | powerful. [hidden potential]
 60525 | Abyss:3  | Lost mutation: You have hidden genetic potential. [hidden
                  | potential expressed]
 60590 | Abyss:3  | XOM: noise
 60614 | Depths:3 | Escaped the Abyss
 60809 | D:11     | You showed the abyssal rune of Zot to enter a treasure
                  | trove
 60810 | Trove    | Entered a treasure trove
 60817 | Trove    | Identified the ring of Tulips {rPois Str+2 Int+6 Dex-2
                  | Slay+3}
 60825 | Trove    | Identified the ring "Hurerol" {rPois AC+4}
 60827 | Trove    | Identified the ring of Firuwin {rPois Dex+6}
 60831 | Trove    | Identified the ring of Xitustre {rF- Will+ AC+4 Str+4
                  | Dex+5}
 60833 | Trove    | Identified the ring "Meme" {MP+9 Dex+6}
 60865 | D:11     | Learned a level 5 spell: Borgnjor's Vile Clutch
 61056 | Slime:1  | Entered Level 1 of the Pits of Slime
 61056 | Slime:1  | XOM: polymorph slime creature -> ice dragon
 61074 | Slime:1  | XOM: potion effect (heal wounds)
 61131 | Slime:2  | XOM: confuse monster(s)
 61185 | Slime:3  | Reached skill level 1 in Necromancy
 61205 | Slime:3  | XOM: cleaving
 61240 | Slime:5  | Entered Level 5 of the Pits of Slime
 61243 | Slime:5  | XOM: god gift: 45 gold pieces
 61249 | Slime:5  | XOM: divination: detect creatures
 61299 | Slime:5  | XOM: god gift: wand of acid (7)
 61323 | Slime:5  | Noticed the Royal Jelly
 61324 | Slime:5  | Found a viscous altar of Jiyva.
 61334 | Slime:5  | XOM: polymorph great orb of eyes -> goliath frog
 61376 | Slime:5  | XOM: polymorph azure jelly -> frost giant
 61414 | Slime:5  | XOM: noise
 61428 | Slime:5  | Killed the Royal Jelly
 61429 | Slime:5  | Reached XP level 26. HP: 133/218 MP: 22/36
 61511 | Slime:5  | XOM: enchant monster (bad)
 61556 | Slime:5  | XOM: confuse monster(s)
 61568 | Slime:5  | Identified the staff of fire "Hutodghosm" {Fly rElec rF+
                  | rC- Int+2}
 61571 | Slime:5  | Identified the amulet "Ukeptuobb" {Regen+ Str-4 Int+3
                  | Stlth+}
 61573 | Slime:5  | XOM: silly message
 61582 | Slime:5  | Identified the +6 battleaxe of Responsibility {flame,
                  | rPois}
 61607 | Slime:5  | Got the Lessons on Liminal Malevolent Rituals
 61642 | Slime:5  | Got a slimy rune of Zot
 61647 | Slime:5  | Identified the +1 cloak of the Doldrums {rF+ MP+9 Dex+2}
 61778 | Slime:2  | XOM: silly message
 62094 | Zot:1    | Entered Level 1 of the Realm of Zot
 62106 | Zot:1    | You fall into a shaft and drop 1 floor!
 62127 | Zot:2    | Identified the -1 pair of boots of Focus {rF+ rC+ rN+
                  | Int-4}
 62183 | Zot:2    | XOM: silly message
 62243 | Zot:2    | Noticed a Killer Klown
 62247 | Zot:2    | XOM: cast spell 'Summon Hydra'
 62253 | Zot:2    | Killed a Killer Klown
 62256 | Zot:2    | Noticed a Killer Klown
 62275 | Zot:2    | Noticed a Killer Klown
 62287 | Zot:2    | Killed a Killer Klown
 62301 | Zot:2    | XOM: swap monsters
 62303 | Zot:2    | Killed a Killer Klown
 62359 | Zot:2    | Found a shimmering altar of Xom.
 62359 | Zot:2    | Found a shimmering altar of Xom.
 62360 | Zot:2    | Found a shimmering altar of Xom.
 62360 | Zot:2    | Found a glowing silver altar of Zin.
 62469 | Zot:1    | XOM: summons 1 hostile demon
 62628 | Zot:1    | XOM: 8-stop teleportation journey
 62938 | Zot:2    | Found the +4 dragonskin cloak
 62938 | Zot:2    | Noticed Tiamat
 62980 | Zot:2    | Killed Tiamat
 62981 | Zot:2    | Reached skill level 5 in Necromancy
 63204 | Zot:2    | XOM: summons 7 hostile demons
 63338 | Zot:2    | Reached skill level 15 in Ice Magic
 63376 | Zot:2    | XOM: scenery: 2 doors open
 63606 | Zot:2    | Found a shimmering altar of Xom.
 63718 | Zot:3    | XOM: divination: detect creatures
 63955 | Zot:3    | XOM: fog
 63984 | Zot:3    | Noticed an orb of fire
 64010 | Zot:3    | Killed an orb of fire
 64025 | Zot:3    | XOM: smoke on damage
 64268 | Zot:3    | XOM: give mutation
 64268 | Zot:3    | Lost mutation: You frequently scream uncontrollably at your
                  | foes. [Xom's mischief]
 64358 | Zot:3    | XOM: summons friendly white imp
 64560 | Zot:3    | XOM: god gift: glowing great sword {god gift}
 64611 | Zot:3    | XOM: scenery: 3 doors close
 64840 | Zot:4    | XOM: fog
 64949 | Zot:4    | XOM: summons 4 hostile shadow creatures
 65264 | Zot:4    | Reached XP level 27. HP: 220/224 MP: 31/36
 65928 | Zot:4    | Noticed Grunn
 66063 | Zot:4    | XOM: 1-stop teleportation journey
 66137 | Zot:4    | XOM: enchant monster (good)
 66144 | Zot:4    | Killed Grunn
 66253 | Zot:4    | Identified the staff of fire "Garcharph" {rElec rF+ Will++}
 66308 | Zot:5    | Entered Level 5 of the Realm of Zot
 66395 | Zot:5    | XOM: divination: detect creatures
 66768 | Elf:2    | Bought a scroll of teleportation for 45 gold pieces
 66768 | Elf:2    | Bought a scroll of teleportation for 45 gold pieces
 66768 | Elf:2    | Bought a scroll of blinking for 112 gold pieces
 67029 | D:11     | Bought a phial of floods for 560 gold pieces
 67029 | D:11     | Bought a scroll of summoning for 133 gold pieces
 67207 | Elf:2    | Bought a potion of invisibility for 136 gold pieces
 67207 | Elf:2    | Bought a potion of cancellation for 136 gold pieces
 67270 | Elf:1    | XOM: give mutations
 67270 | Elf:1    | Gained mutation: You have a pair of small antennae on your
                  | head. [Xom's grace]
 67270 | Elf:1    | Gained mutation: You are somewhat resistant to further
                  | mutation. [Xom's grace]
 67497 | Zot:2    | XOM: cast spell 'Alistair's Intoxication'
 67710 | Zot:5    | XOM: summons 2 friendly demons
 67737 | Zot:5    | XOM is BORED!
 67737 | Zot:5    | XOM: swap monsters
 67770 | Zot:5    | XOM: divination: magic mapping
 67871 | Zot:5    | XOM: potion effect (brilliance)
 68330 | Zot:5    | XOM: noise
 68335 | Zot:5    | XOM: noise
 68743 | Zot:5    | XOM: god gift: 10 gold pieces
 68770 | Zot:5    | XOM: give mutation
 68770 | Zot:5    | Gained mutation: One of your tentacles bears a spike.
                  | [Xom's grace]
 68790 | Zot:5    | Noticed an orb of fire
 68867 | Zot:5    | XOM: 1-stop teleportation journey
 68896 | Zot:5    | Noticed a dread lich
 68902 | Zot:5    | XOM: butterfly on damage
 68905 | Zot:5    | Killed a dread lich
 68950 | Zot:5    | XOM: chaos cloud
 68952 | Zot:5    | XOM: silly message
 68953 | Zot:5    | Paralysed by you for 3 turns
 68972 | Zot:5    | XOM: confuse monster(s)
 69055 | Zot:5    | XOM: cast spell 'Dispersal'
 69073 | Zot:5    | XOM: silly message
 69156 | Zot:5    | XOM: potion effect (berserk rage)
 69215 | Zot:5    | XOM: silly message
 69347 | Zot:5    | Noticed an orb of fire
 69357 | Zot:5    | Killed an orb of fire
 69359 | Zot:5    | Noticed an orb of fire
 69365 | Zot:5    | Killed an orb of fire
 69486 | Zot:5    | Noticed a dread lich
 69539 | Zot:5    | XOM: noise
 69543 | Zot:5    | Killed a dread lich
 69623 | Zot:5    | XOM: summons friendly quasit
 69627 | Zot:5    | Killed an orb of fire
 69629 | Zot:5    | XOM: divination: magic mapping
 69645 | Zot:5    | Noticed a dread lich
 69645 | Zot:5    | XOM: fog
 69665 | Zot:5    | Killed a dread lich
 69665 | Zot:5    | XOM: summons 2 friendly demons
 69826 | Zot:5    | XOM: god gift: chain mail {god gift}
 69844 | Zot:5    | Got the Orb of Zot
 69925 | Zot:3    | XOM: scenery: 1 doors close
 69932 | Zot:3    | Noticed Zemu the pandemonium lord
 69954 | Zot:3    | XOM: fake destruction
 69958 | Zot:3    | Killed Zemu the pandemonium lord
 70105 | D:15     | XOM: give mutations
 70105 | D:15     | Gained mutation: You are highly strong-willed. (Will++)
                  | [Xom's grace]
 70105 | D:15     | Gained mutation: A frigid envelope surrounds you and
                  | freezes all who hurt you. [Xom's grace]
 70105 | D:15     | Gained mutation: You have supernaturally acute eyesight.
                  | (SInv) [Xom's grace]
 70163 | D:12     | XOM: cast spell 'Summon Small Mammal'
 70269 | D:6      | XOM: divine lightning
 70418 | D:$      | Escaped with the Orb!

Illustrated notes

Levels and vault maps discovered:
D:1:      minmay_arrival_four_circles, layout_loops_ring
D:2:      layout_loops_cross, supply_closet_lemuel, minmay_pentomino_x2,
          uniq_crazy_yiuf_cottage
D:3:      layout_basic, minmay_fractal_squares_diagonal_5, uniq_sigmund,
          uniq_robin
D:4:      layout_rooms, fedhas_altar_1, okawaru_trees_2, uniq_eustachio
D:5:      layout_loops_ring, nemelex_diamond_rough_becter, tgw_sif,
          uniq_prince_ribbit1, uniq_menkaure
D:6:      layout_rooms, lemuel_crystal_altar,
          minmay_temple_entry_statues_pillars, minmay_ogre_servants
D:7:      layout_loops_ring, slow_altar_1, lemuel_doored_altar
D:8:      layout_basic, serial_shops, nicolae_shop_tiny_glass
D:9:      layout_long_grid, grunt_gozag_statues, lair_entry_dummy, uniq_joseph
D:10:     layout_layer_cave, palyth_stone_intersect
D:11:     layout_roguey, serial_shops, shop, kennysheep_little_box, shop_statue,
          enter_trove_5
D:12:     layout_roguey, orc_0_dummy, nicolae_dithmenos_through_a_glass_darkly
D:13:     layout_rooms, david_vaults_4, serial_curves, eino_curves_04,
          eino_curves_03
D:14:     minmay_bloctagon_deflated, layout_rooms
D:15:     grunt_enter_depths_hoard, layout_rooms, serial_ice, serial_ice_d,
          serial_ice_k, serial_ice_h, serial_ice_f, serial_ice_n, serial_ice_e,
          serial_ice_o, portal_ice_cave_entry_pillars_2, minivault_26,
          grunt_tough_drop, uniq_louise
Lair:1:   minmay_lair_oklob_tunnel, layout_gridlike, serial_bayou_shore_a
Lair:2:   layout_cellular_growth, nicolae_shoals_entry_roost,
          hellmonk_spider_entry_life_and_decay
Lair:3:   layout_misc_corridors, minivault_24, chequers_serial_rivers_large_a,
          minmay_lair_oklob_bushes, forest_entry_grove
Lair:4:   beast_lair_carwin_large_2, layout_long_grid, slime_entry_1,
          chequers_serial_rivers_micro_b, lemuel_fruit_tree
Lair:5:   evilmike_catoblepas_cave, layout_regular_city,
          nicolae_quartered_pool_super, hangedman_lair_unloving_vines,
          kilobyte_rumbling_trees
Shoals:1: nicolae_shoals_lighthouse, layout_shoals, uniq_nikola
Shoals:2: layout_shoals
Shoals:3: layout_shoals, nicolae_shoals_aquamancer_cove, uniq_jorgrun,
          uniq_polyphemus
Shoals:4: shoals_end_grunt_garden, layout_shoals
Spider:1: layout_cave_pods, nicolae_spider_not_touching_you
Spider:2: layout_chambers, uniq_frances
Spider:3: layout_spider_delve
Spider:4: hellmonk_spider_rune_endless_swarm, ebering_ghost_inner_flame,
          uniq_aizul
Slime:1:  layout_caves
Slime:2:  layout_caves, nicolae_slime_ancient_tower_intersection
Slime:3:  layout_caves
Slime:4:  layout_caves, cheibrodos_slime_lost_civilization_6, uniq_dissolution
Slime:5
Orc:1:    layout_caves, serial_shops, nicolae_shop_back_alley_shop
Orc:2:    st_orc_elflike, layout_caves, serial_shops, shop, shop,
          nicolae_shop_rolled_up, nooodl_orcs_dogs
Elf:1:    elf_arrival_001, layout_geoelf_octagon, minmay_elf_demonology,
          hex_large, serial_nicolae_subway, nicolae_sub_station_metal,
          nicolae_sub_station_crystal, nicolae_sub_station_stone
Elf:2:    nicolae_elf_blades_crystal_corner, layout_onion_city, serial_shops,
          nicolae_shop_window_shopping, nicolae_specific_store,
          minmay_shop_grove
Elf:3:    grunt_elf_hall_spiral, layout_loops_ring
Vaults:1: ebering_ghost_rock_garden, vaults_dpeg_emergency_exit,
          nicolae_vaults_trapezoid_3, nicolae_vaults_statue_guard,
          nicolae_vaults_little_squares_2, vaults_mumra_minichess_inversion,
          ontoclasm_vaults_pinch, nicolae_vaults_asterisk, v_misc_2,
          nicolae_vaults_angled_halls, layout_vaults_omnibox, serial_shops, shop
Vaults:2: grunt_vaults_hallway_long, nicolae_vaults_variable_pillar_hall,
          v_misc_22, nicolae_vaults_storage_room_statues, vaults_dpeg_ring,
          grunt_vaults_bifocal, grunt_vaults_focal, nicolae_vaults_diamond_1,
          st_cells, nicolae_vaults_octothorpe, nicolae_vaults_yaktaur_gun_rack,
          v_misc_26, layout_vaults_big_room
Vaults:3: nicolae_vaults_spaceships, v_misc_25, nicolae_vaults_asterisk,
          v_alt_pattern_1, vaults_mumra_hexcomb,
          nicolae_vaults_trapezoid_lopsided_4, vaults_dpeg_diagonal,
          nicolae_vaults_surprise_closet_hard, nicolae_vaults_storage_closets_3,
          nicolae_vaults_tetromino_L_2, nicolae_vaults_mini_display_case,
          layout_vaults_quadrants
Vaults:4: nicolae_vaults_diagonal_hallway_8, v_misc_13, hangedman_vaults_trim,
          nicolae_vaults_house_2, v_misc_30, nicolae_vaults_tetromino_T_2,
          nicolae_vaults_wrenched, nicolae_vaults_border_crossing,
          vaults_mumra_hex, vaults_dpeg_hooks, nicolae_vaults_more_shelving_2,
          nicolae_vaults_little_squares_2, layout_vaults_ring
Crypt:1:  layout_chaotic_city, grunt_crypt_arrival_webbed,
          roderic_lattice_octagonal_star, lemuel_upstairs_altar, uniq_donald,
          uniq_josephina
Crypt:2:  layout_misc_corridors, small_statue_intersection, grunt_megastairs_2
Crypt:3:  church_of_pain_bobbens, layout_chaotic_city
Depths:1: layout_forbidden_donut, serial_bayou_pond_c, rand_demon_pan_entry_3,
          hell_entry, hangedman_decor_peaks_small, nicolae_shop_self_help
Depths:2: minmay_big_diamond_grid, layout_gridlike, hellmouth_1, serial_shops,
          shop, minmay_misc_feat_rugged, pan_entry
Depths:3: nicolae_cairo_tiling, layout_honeycomb, enter_ziggurat_e,
          grunt_metal_band, nicolae_abyss_entry_one_way_or_another,
          serial_shops, shop, minmay_staircase_statues
Depths:4: evilmike_zot_entry_castle, layout_gridlike, grunt_hell_entry_dis_old,
          drop_trap
Zot:1:    layout_misc_corridors
Zot:2:    dreamdust_zin_vs_xom, layout_gridlike, uniq_tiamat
Zot:3:    layout_gridlike, grunt_megastairs_4
Zot:4:    layout_cathedral_of_symmetry, kennysheep_underground_church,
          grunt_megastairs_5, uniq_grunn
Zot:5:    layout_cellular_growth, bh_zot_levy_curve, lemuel_golem_globe

Skill      XL: |  1  2  3  4  5  6  7  8  9 10 11 12 13 14 15 16 17 18 19 20 21 22 23 24 25 26 27 |
---------------+----------------------------------------------------------------------------------+-----
Dodging        | 3 4 5 6 8 10 11 | 11.0
Spellcasting   | 1 2 3 4 5 6 7 8 9 |  9.0
Fighting       | 4 5 7 9 10 11 12 13 15 17 18 19 21 22 23 | 23.6
Maces & Flails | 4 5 6 7 8 9 10 11 12 13 14 15 16 17 18 19 20 21 22 23 24 | 24.4
Stealth        | 2 3 5 6 8 |  8.0
Shields        | 1 3 4 5 7 8 9 11 12 13 14 16 17 18 19 20 21 22 23 24 | 24.1
Hexes          | 2 3 5 8 |  8.0
Ice Magic      | 2 4 6 7 8 9 10 11 12 14 15 16 | 16.0
Earth Magic    | 2 4 5 6 7 10 11 12 | 12.0
Transmutations | 3 4 5 7 8 |  8.0
Evocations     | 2 4 6 |  6.0
Air Magic      | 3 6 7 |  7.0
Necromancy     | 2 6 7 |  7.0

Action                     |  1- 3 |  4- 6 |  7- 9 | 10-12 | 13-15 | 16-18 | 19-21 | 22-24 | 25-27 || total
---------------------------+-------+-------+-------+-------+-------+-------+-------+-------+-------++-------
  Melee: Mace              |    26 |       |       |       |       |       |       |       |       ||    26
         Constrict         |    21 |    31 |    40 |    89 |   128 |   217 |   122 |   281 |   195 ||  1124
         Tentacles         |    18 |    29 |    49 |   167 |   352 |   471 |   308 |   745 |   738 ||  2877
         Whip              |    61 |    46 |       |       |       |       |       |       |       ||   107
         Dagger            |       |    68 |   204 |    24 |       |       |       |       |       ||   296
         Punch             |       |     1 |     5 |     6 |    27 |    23 |    38 |    62 |    35 ||   197
         Flail             |       |       |       |   539 |  1049 |   309 |       |       |       ||  1897
         Eveningstar       |       |       |       |       |       |  1081 |   791 |  1752 |  1397 ||  5021
         Demon whip        |       |       |       |       |       |       |    98 |    93 |   394 ||   585
         Kick              |       |       |       |       |       |       |       |       |   131 ||   131
  Throw: Throwing net      |       |     1 |     3 |     1 |       |       |       |       |       ||     5
         Dart              |       |       |     2 |    21 |    31 |     9 |       |       |       ||    63
   Cast: Frozen Ramparts   |       |       |       |    46 |   111 |    75 |    61 |    56 |    80 ||   429
         Ozocubu's Armour  |       |       |       |    41 |   143 |   149 |    87 |   134 |   143 ||   697
         Apportation       |       |       |       |       |       |       |       |       |     1 ||     1
         Borgnjor's Vile C |       |       |       |       |       |       |       |       |     1 ||     1
  Evoke: Piece from Xom's  |     1 |       |       |       |       |       |       |       |       ||     1
         Wand              |       |       |     5 |    15 |    13 |    26 |     1 |     8 |    17 ||    85
         Phantom mirror    |       |       |       |     3 |     4 |     2 |       |     3 |     2 ||    14
         Box of beasts     |       |       |       |     2 |     1 |     1 |     1 |       |       ||     5
    Use: Potion            |     1 |       |     2 |    10 |     4 |     5 |     2 |     5 |    18 ||    47
         Scroll            |       |       |    10 |    11 |    17 |    21 |     4 |    23 |    21 ||   107
   Stab: Sleeping          |     5 |     5 |    14 |     7 |     4 |    13 |    18 |    27 |    15 ||   108
         Held in net/web   |       |     1 |     1 |       |       |       |       |       |       ||     2
         Confused          |       |       |     2 |     4 |     2 |     1 |     2 |     3 |     5 ||    19
         Invisible         |       |       |       |     4 |       |     1 |       |     8 |       ||    13
         Distracted        |       |       |       |     1 |     1 |     4 |     3 |     3 |     9 ||    21
         Betrayed ally     |       |       |       |     1 |       |       |       |       |       ||     1
         Paralysed         |       |       |       |       |     2 |       |       |     1 |       ||     3
         Petrified         |       |       |       |       |       |    14 |       |       |     1 ||    15
         Petrifying        |       |       |       |       |       |       |       |       |     1 ||     1
 Armour: Skin              |     3 |     3 |    16 |   181 |   208 |   270 |   121 |   190 |   323 ||  1315
  Dodge: Dodged            |    48 |    57 |    63 |   269 |   397 |   617 |   244 |   441 |   519 ||  2655
  Block: Kite shield       |       |     1 |    65 |   372 |   473 |   177 |       |       |       ||  1088
         Tower shield      |       |       |       |       |       |  1128 |   734 |  1514 |  1412 ||  4788
         Reflection        |       |       |       |       |       |    51 |    34 |    74 |     1 ||   160
